Workbook
Name OLE_LINK51: 'Показатель 3.1'!$K$45
Name А1: #REF!
Name А1: #REF!
Name А1: #REF!
Name А1: #REF!
Name А1: #REF!
Name Выбор_1.1: 'Показатель 4.2'!$C$5:$C$6
Name Выбор_1.1: 'Показатель 3.1'!$C$5:$C$7
Name Выбор_1.2: 'Показатель 3.3'!$C$5:$C$6
Name Выбор_1.2: 'Показатель 4.1'!$C$5:$C$6
Name Выбор_1.2: 'Показатель 3.2'!$C$5:$C$7
Name Выбор_1.3: #REF!
Name Выбор_1.3: #REF!
Name Выбор_1.3: #REF!
Name Выбор_1.3: #REF!
Name Выбор_1.3: #REF!
Name Выбор_4.1: #REF!
Name Выбор_4.1: #REF!
Name Выбор_4.1: #REF!
Name Выбор_4.1: #REF!
Name Выбор_4.1: #REF!
Name Выбор_4.2: '[1]Показатель 4.2'!$C$5:$C$8
Name Выбор_4.3: '[1]Показатель 4.3'!$C$5:$C$7
Name Выбор_4.4: '[1]Показатель 4.4'!$C$6:$C$8
Name Выбор1.1: #REF!
Name Выбор1.1: #REF!
Name Выбор1.1: #REF!
Name Выбор1.1: #REF!
Name Выбор1.1: #REF!
Name Да_нет: #REF!
Name Да_нет: #REF!
Name Да_нет: #REF!
Name Да_нет: #REF!
Name Да_нет: #REF!
Name Коэфициент: [1]Параметры!$C$3:$C$4
Name Формат: #REF!

Sheet Оценка (Этап I-II) 
A1: Оценка муниципальных образований по I - II этапам
A2: Календарный период | B2: 2020 год
A3: Наименование муниципального образования Саратовской обалсти | B3: Итого по I- II этапам | C3: Итого по II этапу | D3: Итого по I этапу
A4: Единица измерения | B4: баллов | C4: баллов | D4: баллов
A5: Максимальный балл | B5: =C5+D5 -> 20 | C5: 10 | D5: 10
A6: Городские округа
A7: г. Саратов | B7: =C7+D7 -> 17 | C7: ='Оценка (Этап II)'!B7 -> 7 | D7: 10
A8: п. Михайловское | B8: =C8+D8 -> 11.5 | C8: ='Оценка (Этап II)'!B8 -> 7 | D8: 4.5
A9: ЗАТО Светлый | B9: =C9+D9 -> 12 | C9: ='Оценка (Этап II)'!B9 -> 3 | D9: 9
A10: г. Шиханы | B10: =C10+D10 -> 9 | C10: ='Оценка (Этап II)'!B10 -> 4 | D10: 5
A11: Муниципальные районы
A12: Александрово-Гайский | B12: =C12+D12 -> 8 | C12: ='Оценка (Этап II)'!B12 -> 2 | D12: 6
A13: Аркадакский | B13: =C13+D13 -> 12 | C13: ='Оценка (Этап II)'!B13 -> 3 | D13: 9
A14: Аткарский | B14: =C14+D14 -> 18 | C14: ='Оценка (Этап II)'!B14 -> 9 | D14: 9
A15: Базарно-Карабулакский | B15: =C15+D15 -> 14 | C15: ='Оценка (Этап II)'!B15 -> 7 | D15: 7
A16: Балаковский | B16: =C16+D16 -> 15.5 | C16: ='Оценка (Этап II)'!B16 -> 7 | D16: 8.5
A17: Балашовский | B17: =C17+D17 -> 19 | C17: ='Оценка (Этап II)'!B17 -> 10 | D17: 9
A18: Балтайский | B18: =C18+D18 -> 15 | C18: ='Оценка (Этап II)'!B18 -> 6 | D18: 9
A19: Вольский | B19: =C19+D19 -> 13 | C19: ='Оценка (Этап II)'!B19 -> 6 | D19: 7
A20: Воскресенский | B20: =C20+D20 -> 7 | C20: ='Оценка (Этап II)'!B20 -> 1 | D20: 6
A21: Дергачевский | B21: =C21+D21 -> 10 | C21: ='Оценка (Этап II)'!B21 -> 4 | D21: 6
A22: Духовницкий | B22: =C22+D22 -> 9 | C22: ='Оценка (Этап II)'!B22 -> 4 | D22: 5
A23: Екатериновский | B23: =C23+D23 -> 7 | C23: ='Оценка (Этап II)'!B23 -> 1 | D23: 6
... A49: Энгельсский | B49: =C49+D49 -> 15 | C49: ='Оценка (Этап II)'!B49 -> 10 | D49: 5

Sheet Оценка (Этап II)
A1: Оценка муниципальных образований по II этапу «Годовой отчет об исполнении бюджета муниципального образования»
A2: Календарный период | B2: 2020 год
A3: Наименование муниципального образования Саратовской обалсти | B3: Итого по II этапу | C3: ='Показатель 3.1'!A1 -> 3.1. Проект решения об исполнении бюджета муниципального образования | D3: ='Показатель 3.2'!A1 -> 3.2. Опубликование бюджета для граждан, разработанного на основе решения об исполнении бюджета муниципального образования за отчетный финансовый год , на портале (сайте) | E3: ='Показатель 3.3'!A1 -> 3.3. Опубликование заключение контрольно-счетного органа муниципального образования на годовой отчет об исполнении бюджета муниципального образования за отчетный финансовый год на портале (сайте) | F3: ='Показатель 4.1'!A1 -> 4.1. Информационное сообщение для граждан о проведении публичных слушаний по годовому отчету об исполнении бюджета муниципального образования за отчетный финансовый год на портале (сайте) | G3: ='Показатель 4.2'!A1 -> 4.2. Проведение публичных слушаний по годовому отчету об исполнении бюджета муниципального образования за отчетный финансовый год
A4: Единица измерения | B4: баллов | C4: баллов | D4: баллов | E4: баллов | F4: баллов | G4: баллов
A5: Максимальный балл | B5: =SUM(C5:G5) -> 10 | C5: ='Методика II этап'!C8 -> 4 | D5: ='Методика II этап'!C13 -> 3 | E5: 1 | F5: 1 | G5: 1
A6: Городские округа
A7: г. Саратов | B7: =SUM(C7:G7) -> 7 | C7: ='Показатель 3.1'!J9 -> 4 | D7: ='Показатель 3.2'!H10 -> 0 | E7: ='Показатель 3.3'!J8 -> 1 | F7: ='Показатель 4.1'!H8 -> 1 | G7: ='Показатель 4.2'!J8 -> 1
A8: п. Михайловское | B8: =SUM(C8:G8) -> 7 | C8: ='Показатель 3.1'!J10 -> 4 | D8: ='Показатель 3.2'!H11 -> 1 | E8: ='Показатель 3.3'!J9 -> 1 | F8: ='Показатель 4.1'!H9 -> 1 | G8: ='Показатель 4.2'!J9 -> 0
A9: ЗАТО Светлый | B9: =SUM(C9:G9) -> 3 | C9: ='Показатель 3.1'!J11 -> 2 | D9: ='Показатель 3.2'!H12 -> 0 | E9: ='Показатель 3.3'!J10 -> 1 | F9: ='Показатель 4.1'!H10 -> 0 | G9: ='Показатель 4.2'!J10 -> 0
A10: г. Шиханы | B10: =SUM(C10:G10) -> 4 | C10: ='Показатель 3.1'!J12 -> 4 | D10: ='Показатель 3.2'!H13 -> 0 | E10: ='Показатель 3.3'!J11 -> 0 | F10: ='Показатель 4.1'!H11 -> 0 | G10: ='Показатель 4.2'!J11 -> 0
A11: Муниципальные районы
A12: Александрово-Гайский | B12: =SUM(C12:G12) -> 2 | C12: ='Показатель 3.1'!J14 -> 2 | D12: ='Показатель 3.2'!H15 -> 0 | E12: ='Показатель 3.3'!J13 -> 0 | F12: ='Показатель 4.1'!H13 -> 0 | G12: ='Показатель 4.2'!J13 -> 0
A13: Аркадакский | B13: =SUM(C13:G13) -> 3 | C13: ='Показатель 3.1'!J15 -> 2 | D13: ='Показатель 3.2'!H16 -> 0 | E13: ='Показатель 3.3'!J14 -> 0 | F13: ='Показатель 4.1'!H14 -> 1 | G13: ='Показатель 4.2'!J14 -> 0
A14: Аткарский | B14: =SUM(C14:G14) -> 9 | C14: ='Показатель 3.1'!J16 -> 4 | D14: ='Показатель 3.2'!H17 -> 3 | E14: ='Показатель 3.3'!J15 -> 1 | F14: ='Показатель 4.1'!H15 -> 1 | G14: ='Показатель 4.2'!J15 -> 0
A15: Базарно-Карабулакский | B15: =SUM(C15:G15) -> 7 | C15: ='Показатель 3.1'!J17 -> 1 | D15: ='Показатель 3.2'!H18 -> 3 | E15: ='Показатель 3.3'!J16 -> 1 | F15: ='Показатель 4.1'!H16 -> 1 | G15: ='Показатель 4.2'!J16 -> 1
A16: Балаковский | B16: =SUM(C16:G16) -> 7 | C16: ='Показатель 3.1'!J18 -> 4 | D16: ='Показатель 3.2'!H19 -> 0 | E16: ='Показатель 3.3'!J17 -> 1 | F16: ='Показатель 4.1'!H17 -> 1 | G16: ='Показатель 4.2'!J17 -> 1
A17: Балашовский | B17: =SUM(C17:G17) -> 10 | C17: ='Показатель 3.1'!J19 -> 4 | D17: ='Показатель 3.2'!H20 -> 3 | E17: ='Показатель 3.3'!J18 -> 1 | F17: ='Показатель 4.1'!H18 -> 1 | G17: ='Показатель 4.2'!J18 -> 1
A18: Балтайский | B18: =SUM(C18:G18) -> 6 | C18: ='Показатель 3.1'!J20 -> 2 | D18: ='Показатель 3.2'!H21 -> 2 | E18: ='Показатель 3.3'!J19 -> 1 | F18: ='Показатель 4.1'!H19 -> 1 | G18: ='Показатель 4.2'!J19 -> 0
A19: Вольский | B19: =SUM(C19:G19) -> 6 | C19: ='Показатель 3.1'!J21 -> 4 | D19: ='Показатель 3.2'!H22 -> 2 | E19: ='Показатель 3.3'!J20 -> 0 | F19: ='Показатель 4.1'!H20 -> 0 | G19: ='Показатель 4.2'!J20 -> 0
A20: Воскресенский | B20: =SUM(C20:G20) -> 1 | C20: ='Показатель 3.1'!J22 -> 1 | D20: ='Показатель 3.2'!H23 -> 0 | E20: ='Показатель 3.3'!J21 -> 0 | F20: ='Показатель 4.1'!H21 -> 0 | G20: ='Показатель 4.2'!J21 -> 0
A21: Дергачевский | B21: =SUM(C21:G21) -> 4 | C21: ='Показатель 3.1'!J23 -> 0 | D21: ='Показатель 3.2'!H24 -> 2 | E21: ='Показатель 3.3'!J22 -> 1 | F21: ='Показатель 4.1'!H22 -> 1 | G21: ='Показатель 4.2'!J22 -> 0
A22: Духовницкий | B22: =SUM(C22:G22) -> 4 | C22: ='Показатель 3.1'!J24 -> 2 | D22: ='Показатель 3.2'!H25 -> 1 | E22: ='Показатель 3.3'!J23 -> 1 | F22: ='Показатель 4.1'!H23 -> 0 | G22: ='Показатель 4.2'!J23 -> 0
A23: Екатериновский | B23: =SUM(C23:G23) -> 1 | C23: ='Показатель 3.1'!J25 -> 1 | D23: ='Показатель 3.2'!H26 -> 0 | E23: ='Показатель 3.3'!J24 -> 0 | F23: ='Показатель 4.1'!H24 -> 0 | G23: ='Показатель 4.2'!J24 -> 0
... A49: Энгельсский | B49: =SUM(C49:G49) -> 10 | C49: ='Показатель 3.1'!J51 -> 4 | D49: ='Показатель 3.2'!H52 -> 3 | E49: ='Показатель 3.3'!J50 -> 1 | F49: ='Показатель 4.1'!H50 -> 1 | G49: ='Показатель 4.2'!J50 -> 1

Sheet Методика II этап
A1: II этап. Годовой отчет об исполнении бюджета муниципального образования
A3: № п/п | B3: Вопросы и варианты ответов | C3: Баллы
A5: 3. | B5: Годовой отчет об исполнении бюджета муниципального образования | C5: =C8+C13+C19 -> 8
A6: 3.1 | B6: Опубликование проекта решения об исполнении бюджета муниципального образования за отчетный финансовый год на портале (сайте)
B7: В целях оценки показателя учитывается публикация проекта решения об исполнении бюджета в полном объеме, включая текстовую часть и все приложения к нему. Публикация отдельных составляющих в целях оценки показателя не учитывается. Проект решения об исполнении бюджета и материалы к нему должны быть опубликованы в течение 10 рабочих дней после внесения проекта решения в представительный орган муниципального образования и сохраняться не менее трех лет. При нарушении указанного срока применяется понижающий коэффициент за несоблюдение сроков обеспечения доступа к бюджетным данным. В случае, если в установленный срок документ не размещен, оценка показателя принимает значение 0 баллов.
B8: Опубликован в структурированном виде с указанием полных или кратких наименований всех составляющих | C8: 4
B9: Опубликован, но не в структурированном виде и (или) без указания полных или кратких наименований всех составляющих | C9: 2
B10: Не опубликован | C10: 0
A11: 3.2 | B11: Опубликование бюджета для граждан, разработанного на основе решения об исполнении бюджета муниципального образования за отчетный финансовый год, на портале (сайте)
B12: В целях оценки показателя учитывается публикация информации в виде брошюр (презентаций), либо в виде отдельных сведений, опубликованных на портале (сайте). В том числе, должна быть представлена следующая информация: 1) сведения о прогнозируемых и фактических значениях основных показателей социально- экономического развития муниципального образования за отчетный финансовый год (в том числе,сведения о показателях, характеризующих объемы производства, численность и состав населения и т.д.); 2) исполнение плана по доходам в разрезе видов доходов с объяснениями причин отклонения (в случае их наличия); 3)исполнение плана по расходам по разделам и подразделам классификации расходов бюджета с объяснениями причин отклонения (в случае их наличия); 4) сведения о реализуемых в отчетном финансовом году муниципальных программах и достигнутых показателях в увязке с объемами бюджетных расходов, направленных на их достижение; 5) сведения о выполнении обязательств по финансированию социально-значимых проектов за счет бюджета муниципального образования за отчетный финансовый год или об отсутствии таких проектов; 6) сведения об объеме муниципального долга (об отсутствии муниципального долга) по состоянию на начало и на конец отчетного года; 7) контактная информациядля обратной связи с гражданами. Бюджет для граждан, разработанный на основе решения об исполнении бюджета, должен быть опубликован в течение 10 рабочих дней после принятия решения об исполнении бюджета муниципального образования и сохраняться не менее трех лет При нарушении указанного срока применяется понижающий коэффициент за несоблюдение сроков обеспечения доступа к бюджетным данным. В случае, если в установленный срок документ не размещен, оценка показателя принимает значение 0 баллов.
B13: Опубликован и содержит информацию по всем ключевым элементам | C13: 3
B14: Опубликован и содержит информацию по пяти и более ключевым элементам | C14: 2
B15: Опубликован и содержит информацию по трем и более ключевым элементам | C15: 1
B16: Не опубликован или содержит информацию менее чем по трем ключевым элементам | C16: 0
A17: 3.3 | B17: Опубликование заключения контрольно-счетного органа муниципального образования на годовой отчет об исполнении бюджета муниципального образования за отчетный финансовый год на портале (сайте)
B18: В целях оценки показателя учитывается официальный документ, подписанный уполномоченным должностным лицом. В указанном документе должны быть указаны: а) должность, фамилия и инициалы лица, подписавшего документ, б) дата подписания документа.
B19: Опубликовано | C19: 1
B20: Не опубликовано или не отвечает требованиям | C20: 0
A21: 4. | B21: Общественное участие | C21: =C24+C28 -> 2
A22: 4.1 | B22: Опубликование информационного сообщения для граждан о проведении публичных слушаний по годовому отчету об исполнении бюджета за отчетный финансовый год на портале (сайте)
B23: В составе информационных сообщений о проведении публичных слушаний в обязательном порядке должны быть указаны дата, время, место и порядок их проведения. Если указанные сведения представлены частично, оценка показателя принимает значение 0 баллов. В случае, если в установленный срок в информационном сообщении ссылка (адрес) на раздел (страницу) портала (сайта), где опубликованы указанные материалы, отсутствует, а также если по указанной ссылке (адресу) проект решения об исполнении бюджета за отчетный год не опубликован, оценка показателя принимает значение 0 баллов. Информационное сообщение о проведении публичных слушаний по годовому отчету должно быть опубликовано не позднее, чем за пять рабочих дней до дня проведения публичных слушаний. При нарушении указанного срока применяется понижающий коэффициент за несоблюдение сроков обеспечения доступа к бюджетным данным. В случае, если в установленный срок документ не размещен, оценка показателя принимает значение 0 баллов.
B24: Опубликовано и содержит информацию о том, где можно ознакомиться с проектом решения об исполнении бюджета за отчетный год | C24: 1
B25: Не опубликовано, или публичные слушания не проводились, или не отвечает требованиям | C25: 0
A26: 4.2 | B26: Проведение публичных слушаний по годовому отчету об исполнении бюджета муниципального образования за отчетный финансовый год и опубликование в составе материалов к проекту решения об исполнении бюджета муниципального образования за отчетный финансовый год итогового документа (решения/протокола), принятого по результатам публичных слушаний, на портале (сайте)
B27: В целях оценки показателя учитывается официальный документ (решение/протокол), принятый по итогам публичных слушаний или общественного обсуждения и подписанный уполномоченным должностным лицом. Указанный документ должен быть опубликован не позднее 10 рабочих дней после проведения публичных слушаний и сохраняться не менее трех лет. При нарушении указанного срока применяется понижающий коэффициент за несоблюдение сроков обеспечения доступа к бюджетным данным. В случае, если в установленный срок документ не размещен, оценка показателя принимает значение 0 баллов.
B28: Публичные слушания проводились, и в составе материалов к проекту решения об исполнении бюджета муниципального образования за отчетный финансовый год опубликован итоговый документ (решение/протокол), принятый по результатам публичных слушаний | C28: 1
B29: Публичные слушания не проводились, или не опубликован итоговый документ (решение/протокол), принятый по результатам публичных слушаний | C29: 0
B30: Итого баллов на II этапе | C30: =C5+C21 -> 10
B32: 0.5

Sheet Показатель 3.1
A1: 3.1. Проект решения об исполнении бюджета муниципального образования
A2: Комментарий:
A3: ='Методика II этап'!B7 -> В целях оценки показателя учитывается публикация проекта решения об исполнении бюджета в полном объеме, включая текстовую часть и все приложения к нему. Публикация отдельных составляющих в целях оценки показателя не учитывается. Проект решения об исполнении бюджета и материалы к нему должны быть опубликованы в течение 10 рабочих дней после внесения проекта решения в представительный орган муниципального образования и сохраняться не менее трех лет. При нарушении указанного срока применяется понижающий коэффициент за несоблюдение сроков обеспечения доступа к бюджетным данным. В случае, если в установленный срок документ не размещен, оценка показателя принимает значение 0 баллов.
A4: № п/п | B4: Вопрос | C4: ='Методика II этап'!B6 -> Опубликование проекта решения об исполнении бюджета муниципального образования за отчетный финансовый год на портале (сайте) | D4: Формат | E4: Доступность (указать, если возникли трудности с поиском документа, если переход осуществляется более, чем за 5 «кликов» с основной страницы портала (сайта), если название раздела не соответствует содержанию) | F4: Оценка показателя 3.1 | K4: Ссылка на источник данных | L4: Комментарии
B5: Варианты ответов | C5: ='Методика II этап'!B8 -> Опубликован в структурированном виде с указанием полных или кратких наименований всех составляющих | D5: Word, Excel, PDF | F5: баллы | G5: понижающие коэффициенты | J5: Итого
C6: ='Методика II этап'!B9 -> Опубликован, но не в структурированном виде и (или) без указания полных или кратких наименований всех составляющих | G6: графический формат | H6: затруднен-ный поиск | I6: несоблюде-ние сроков
C7: ='Методика II этап'!B10 -> Не опубликован
B8: Городские округа
A9: 1 | B9: г. Саратов | C9: Опубликован в структурированном виде с указанием полных или кратких наименований всех составляющих | D9: Word | F9: =IF(C9=$C$5,4,IF(C9=$C$6,2,0)) -> 4 | J9: =F9*(1-G9)*(1-H9)*(1-I9) -> 4 | K9: http://www.saratovmer.ru/budget/rubrics/5/1304.html
A10: 2 | B10: п. Михайловское | C10: Опубликован в структурированном виде с указанием полных или кратких наименований всех составляющих | D10: Word, Excel | F10: =IF(C10=$C$5,4,IF(C10=$C$6,2,0)) -> 4 | J10: =F10*(1-G10)*(1-H10)*(1-I10) -> 4 | K10: http://www.mihailovski.ru/obschestvennyy-sovet-zato-mikhaylovskiy/proekt-resheniya-sobraniya-deputatov-ob-utverzhden/
A11: 3 | B11: ЗАТО Светлый | C11: Опубликован, но не в структурированном виде и (или) без указания полных или кратких наименований всех составляющих | D11: Word | F11: =IF(C11=$C$5,4,IF(C11=$C$6,2,0)) -> 2 | J11: =F11*(1-G11)*(1-H11)*(1-I11) -> 2 | K11: https://zatosvetly.ru/city/economics_amp_finance/byudzhet-gorodskogo-okruga/informatsiya-ob-ispolnenii-byudzheta-gorodskogo-okruga-zato-svetlyy/2019/
A12: 4 | B12: г. Шиханы | C12: Опубликован в структурированном виде с указанием полных или кратких наименований всех составляющих | D12: Word | F12: =IF(C12=$C$5,4,IF(C12=$C$6,2,0)) -> 4 | J12: =F12*(1-G12)*(1-H12)*(1-I12) -> 4 | K12: http://zatoshihany.ru/budget/ispolnenie-byudzheta/2019/otchet-ob-ispolnenii-byudzheta/
B13: Муниципальные районы
A14: 5 | B14: Александрово-Гайский | C14: Опубликован, но не в структурированном виде и (или) без указания полных или кратких наименований всех составляющих | D14: Word | F14: =IF(C14=$C$5,4,IF(C14=$C$6,2,0)) -> 2 | J14: =F14*(1-G14)*(1-H14)*(1-I14) -> 2 | K14: http://algay.sarmo.ru/byudzhet-ekonomika-finansy/proekty-byud.php
A15: 6 | B15: Аркадакский | C15: Опубликован в структурированном виде с указанием полных или кратких наименований всех составляющих | D15: PDF | F15: =IF(C15=$C$5,4,IF(C15=$C$6,2,0)) -> 4 | G15: 0.5 | J15: =F15*(1-G15)*(1-H15)*(1-I15) -> 2 | K15: http://arkadak.sarmo.ru/byudzhet-munitsipalnogo-rayona/otchetnost-ob-ispolnenii-byudzheta-munitsipalnogo-rayona.php
A16: 7 | B16: Аткарский | C16: Опубликован в структурированном виде с указанием полных или кратких наименований всех составляющих | D16: Word, Excel | F16: =IF(C16=$C$5,4,IF(C16=$C$6,2,0)) -> 4 | J16: =F16*(1-G16)*(1-H16)*(1-I16) -> 4 | K16: http://atkarsk.moyaokruga.ru/CityArticles.aspx?articleid=11431
A17: 8 | B17: Базарно-Карабулакский | C17: Опубликован, но не в структурированном виде и (или) без указания полных или кратких наименований всех составляющих | D17: Web,Word | E17: 6 кликов до документа. Размещено в разделе «Решения о бюджете 2020 год», логичнее размещать в разделе «Исполнение бюджета» | F17: =IF(C17=$C$5,4,IF(C17=$C$6,2,0)) -> 2 | H17: 0.5 | J17: =F17*(1-G17)*(1-H17)*(1-I17) -> 1 | K17: https://admbk.ru/administration/finansovoe-upravlenie/po-proektu-resheniya-sobraniya-bazarno-karabulakskogo-munitsipalnogo-rayona-ob-utverzhdenii-godovogo/proekt-resheniya-sobraniya-bazarno-karabulakskogo-munitsipalnogo-rayona-ob-utverzhdenii-godovogo-otch/ | L17: Приложения к проекту опубликованы без указания полных или кратких наименований.
A18: 9 | B18: Балаковский | C18: Опубликован в структурированном виде с указанием полных или кратких наименований всех составляющих | D18: Word, Excel | F18: =IF(C18=$C$5,4,IF(C18=$C$6,2,0)) -> 4 | J18: =F18*(1-G18)*(1-H18)*(1-I18) -> 4 | K18: http://balkomfin.ru/
A19: 10 | B19: Балашовский | C19: Опубликован в структурированном виде с указанием полных или кратких наименований всех составляющих | D19: Word | F19: =IF(C19=$C$5,4,IF(C19=$C$6,2,0)) -> 4 | J19: =F19*(1-G19)*(1-H19)*(1-I19) -> 4 | K19: http://baladmin.ru/byudzhet-na-2019-god-i-planovyy-period-2019-i-2020-godov.php?clear_cache=Y
A20: 11 | B20: Балтайский | C20: Опубликован, но не в структурированном виде и (или) без указания полных или кратких наименований всех составляющих | D20: Word | F20: =IF(C20=$C$5,4,IF(C20=$C$6,2,0)) -> 2 | J20: =F20*(1-G20)*(1-H20)*(1-I20) -> 2 | K20: http://adm-baltay.ru/finansovoe-upravlenie/rasporyazheniya-ob-utverzhdenii-otchetov-ob-ispolnenii-mestnogo-byudzheta/proekt-otcheta-ob-ispolnenii-byudzheta-baltajskogo-municzipalnogo-obrazovaniya-bmr-za-2019-god/
A21: 12 | B21: Вольский | C21: Опубликован в структурированном виде с указанием полных или кратких наименований всех составляющих | D21: Word, Excel | E21: лишняя папка в архиве | F21: =IF(C21=$C$5,4,IF(C21=$C$6,2,0)) -> 4 | J21: =F21*(1-G21)*(1-H21)*(1-I21) -> 4 | K21: http://volsk-ms.ru/resheniya-vms/proektyi/
A22: 13 | B22: Воскресенский | C22: Опубликован, но не в структурированном виде и (или) без указания полных или кратких наименований всех составляющих | D22: Word | F22: =IF(C22=$C$5,4,IF(C22=$C$6,2,0)) -> 2 | H22: 0.5 | J22: =F22*(1-G22)*(1-H22)*(1-I22) -> 1 | K22: http://voskresensk64.ru/meeting/mun-sobranie/documents/index.php | L22: Наименование оцениваемого документа «О подготовке и проведении публичных слушаний «Об исполнении бюджета Воскресенского муниципального района за 2019 год»
A23: 14 | B23: Дергачевский | C23: Не опубликован | D23: Word | F23: =IF(C23=$C$5,4,IF(C23=$C$6,2,0)) -> 0 | J23: =F23*(1-G23)*(1-H23)*(1-I23) -> 0 | K23: http://dergachi.sarmo.ru/sobranie-dergachevskogo-munitsipalnogo-rayona/proekty-sobraniya-dergachevskogo-munitsipalnogo-rayona/ | L23: Размещена только постановляющая часть проекта решения об исполнении бюджета за 2019 год
A24: 15 | B24: Духовницкий | C24: Опубликован, но не в структурированном виде и (или) без указания полных или кратких наименований всех составляющих | D24: Word | F24: =IF(C24=$C$5,4,IF(C24=$C$6,2,0)) -> 2 | J24: =F24*(1-G24)*(1-H24)*(1-I24) -> 2 | K24: http://duhovnitskoe.sarmo.ru/predstavitelnyy-organ/npa/mpa-2020/?ELEMENT_ID=5815
A25: 16 | B25: Екатериновский | C25: Опубликован, но не в структурированном виде и (или) без указания полных или кратких наименований всех составляющих | D25: Word | F25: =IF(C25=$C$5,4,IF(C25=$C$6,2,0)) -> 2 | H25: 0.5 | J25: =F25*(1-G25)*(1-H25)*(1-I25) -> 1 | K25: http://ekaterinovka.sarmo.ru/rayonnoe-sobranie/2020-god.php | L25: Наименование оцениваемого документа «О назначении публичных слушаний по проекту отчета об исполнении бюджета Екатериновского муниципального района за 2019 год»
A26: 17 | B26: Ершовский | C26: Не опубликован | D26: Word, Excel | E26: лишняя папка в архиве | F26: =IF(C26=$C$5,4,IF(C26=$C$6,2,0)) -> 0 | J26: =F26*(1-G26)*(1-H26)*(1-I26) -> 0 | K26: https://adminemr.ru/byudzhet-i-finansy/byudzhet/proekt-resheniya-ob-ispolnenii-byudzheta-za-2016-god/ | L26: Ссылка дана на архив. Необходимо предоставлять ссылку на страницу портала, с которой можно перейти на документ. В архиве «Проект решения об исполнении бюджета за 2019 год» отсутствует постановляющая часть проекта решения, в наименовании приложений используются формулировки то «на 2019 год», то «за 2019 год», у прилождения 2 отсутствует полное или краткое наименование. Проект документа желательно размещать отдельно от дополнительных материалов.
A27: 18 | B27: Ивантеевский | C27: Опубликован в структурированном виде с указанием полных или кратких наименований всех составляющих | D27: Web,Word | F27: =IF(C27=$C$5,4,IF(C27=$C$6,2,0)) -> 4 | J27: =F27*(1-G27)*(1-H27)*(1-I27) -> 4 | K27: http://ivanteevka.sarmo.ru/byudzhet-dlya-grazhdan/proekt-byudzheta-dlya-grazhdan/proekt-resheniya-ob-ispolnenii-byudzheta-za-2019-god/
A28: 19 | B28: Калининский | C28: Не опубликован | F28: =IF(C28=$C$5,4,IF(C28=$C$6,2,0)) -> 0 | J28: =F28*(1-G28)*(1-H28)*(1-I28) -> 0 | K28: http://kalininsk.sarmo.ru/byudzhet/byudzhet-munitsipalnogo-rayona/ | L28: По предоставленной ссылке не найден проект решения об исполнении бюджета за 2019 год, только проект решения «Об утверждении отчета об исполнении бюджета Калининского муниципального района за 2018 год»
A29: 20 | B29: Красноармейский | C29: Опубликован, но не в структурированном виде и (или) без указания полных или кратких наименований всех составляющих | D29: Word | E29: лишняя папка в архиве | F29: =IF(C29=$C$5,4,IF(C29=$C$6,2,0)) -> 2 | J29: =F29*(1-G29)*(1-H29)*(1-I29) -> 2 | K29: https://krasnoarmeysk64.ru/krasnoarmeyskiy-rayon/byudzhet/reshenie-ob-ispolnenii-byudzheta-krasnoarmeyskogo-munitsipalnogo-rayona/2019.php?clear_cache=Y | L29: По предоставленной ссылке открывается сайт с надписью «Домен заблокирован»
A30: 21 | B30: Краснокутский | C30: Опубликован в структурированном виде с указанием полных или кратких наименований всех составляющих | D30: Word, Excel | E30: Размещено в разделе «Новости», логичнее размещать в разделе «Бюджет района» | F30: =IF(C30=$C$5,4,IF(C30=$C$6,2,0)) -> 4 | H30: 0.5 | J30: =F30*(1-G30)*(1-H30)*(1-I30) -> 2 | K30: http://krasny-kut.ru/krasnokutskij_rajon/finansy/novosti/
A31: 22 | B31: Краснопартизанский | C31: Опубликован в структурированном виде с указанием полных или кратких наименований всех составляющих | D31: Word, Excel | F31: =IF(C31=$C$5,4,IF(C31=$C$6,2,0)) -> 4 | J31: =F31*(1-G31)*(1-H31)*(1-I31) -> 4 | K31: https://adminkmr.ru/byudzhet/ispolnenie-byudzheta/ispolnenie-byudzheta-za-2019-god/
A32: 23 | B32: Лысогорский | C32: Опубликован, но не в структурированном виде и (или) без указания полных или кратких наименований всех составляющих | D32: JPG | F32: =IF(C32=$C$5,4,IF(C32=$C$6,2,0)) -> 2 | G32: 0.5 | J32: =F32*(1-G32)*(1-H32)*(1-I32) -> 1 | K32: http://adm.lysyegory.ru/base/7248-proekt-reshenija-ob-ispolnenii-byudzheta-lysogorskogo-municipalnogo-obrazovanija-za-2019-god.html | L32: Отсутсвует возможность скачать документ целиком.
A33: 24 | B33: Марксовский | C33: Не опубликован | F33: =IF(C33=$C$5,4,IF(C33=$C$6,2,0)) -> 0 | J33: =F33*(1-G33)*(1-H33)*(1-I33) -> 0 | K33: https://marksadm.ru/icp-b.html | L33: Проект решения об исполнении бюджета за 2019 год не найден.
A34: 25 | B34: Новобурасский | C34: Опубликован, но не в структурированном виде и (или) без указания полных или кратких наименований всех составляющих | D34: Word,Exel | F34: =IF(C34=$C$5,4,IF(C34=$C$6,2,0)) -> 2 | J34: =F34*(1-G34)*(1-H34)*(1-I34) -> 2 | K34: http://www.nbfin.ru/byudzhet_dlya_grazhdan/na_tekuwij_god/proekt_resheniya_ob_ispolnenii_byudzheta/za_2019_god/ | L34: Приложения к проекту опубликованы без указания полных или кратких наименований.
A35: 26 | B35: Новоузенский | C35: Опубликован, но не в структурированном виде и (или) без указания полных или кратких наименований всех составляющих | D35: Word | F35: =IF(C35=$C$5,4,IF(C35=$C$6,2,0)) -> 2 | H35: 0.5 | J35: =F35*(1-G35)*(1-H35)*(1-I35) -> 1 | K35: http://novouzensk.ru/city/budget.php | L35: С двух разных наименований документов «09.06.2020 Проект решения Собрания НМР Об утверждении отчета об исполнении бюджета НМР за 2019 год» и «Решение от 26.05.2020 года № 238 О назначении публичных слушаний по проекту решения Собрания НМР» открывается один и тот же документ «Решение от 26.05.2020 года № 238 О назначении публичных слушаний по проекту решения Собрания НМР», составной частью которого является оцениваемый проект решения об исполнении бюджета.
A36: 27 | B36: Озинский | C36: Опубликован в структурированном виде с указанием полных или кратких наименований всех составляющих | D36: Word | E36: Раздел не структурирован | F36: =IF(C36=$C$5,4,IF(C36=$C$6,2,0)) -> 4 | J36: =F36*(1-G36)*(1-H36)*(1-I36) -> 4 | K36: http://ozinki.sarmo.ru/byudzhet/ispolnenie-byudzheta.php?ELEMENT_ID=4797
A37: 28 | B37: Перелюбский | C37: Не опубликован | F37: =IF(C37=$C$5,4,IF(C37=$C$6,2,0)) -> 0 | J37: =F37*(1-G37)*(1-H37)*(1-I37) -> 0 | K37: http://adm-perelyb.ru/byudzhet-rayona/ | L37: По предоставленной с заголовка «Проект решения «Об утверждении годового отчета за 2019 год»» происходит открытие файла «Баланс исполнения бюджета»
A38: 29 | B38: Петровский | C38: Опубликован в структурированном виде с указанием полных или кратких наименований всех составляющих | D38: Web, Word | E38: Размещено в разделе «Общественное участие», логичнее размещать в разделе «Исполнение бюджета» | F38: =IF(C38=$C$5,4,IF(C38=$C$6,2,0)) -> 4 | H38: 0.5 | J38: =F38*(1-G38)*(1-H38)*(1-I38) -> 2 | K38: https://petrovsk64.ru/sub-org/fin-upr/otkrytyy-byudzhet/obshchestvennoe-uchastie/proekt-resheniya-ob-utverzhdenii-godovogo-otcheta-za-2019-god/
A39: 30 | B39: Питерский | C39: Опубликован в структурированном виде с указанием полных или кратких наименований всех составляющих | D39: Word | E39: лишняя папка в архиве | F39: =IF(C39=$C$5,4,IF(C39=$C$6,2,0)) -> 4 | J39: =F39*(1-G39)*(1-H39)*(1-I39) -> 4 | K39: http://piterka.sarmo.ru/byudzhet-piterskogo-mr/publichnye-slushaniya/
A40: 31 | B40: Пугачевский | C40: Опубликован, но не в структурированном виде и (или) без указания полных или кратких наименований всех составляющих | D40: Word | F40: =IF(C40=$C$5,4,IF(C40=$C$6,2,0)) -> 2 | J40: =F40*(1-G40)*(1-H40)*(1-I40) -> 2 | K40: http://pugachev-adm.ru/2019-5 | L40: По предоставленной ссылке документ «Проект Решения Собрания Пугачевского муниципального района «Об исполнении бюджета Пугачевского муниципального района за 2019 год» размещен не в структурированном виде, постановляющая часть и все приложения в одном файле. Ниже документа размещены отдельно 4 приложения, но размещены они намного позднее, чем сам проект (проект - 16.03.2020, приложения - 30.06.2020 г).
A41: 32 | B41: Ровенский | C41: Опубликован в структурированном виде с указанием полных или кратких наименований всех составляющих | D41: Word, Excel | F41: =IF(C41=$C$5,4,IF(C41=$C$6,2,0)) -> 4 | J41: =F41*(1-G41)*(1-H41)*(1-I41) -> 4 | K41: http://rovnoe.sarmo.ru/2019-god-.php?clear_cache=Y
A42: 33 | B42: Романовский | C42: Опубликован в структурированном виде с указанием полных или кратких наименований всех составляющих | D42: Word | F42: =IF(C42=$C$5,4,IF(C42=$C$6,2,0)) -> 4 | I42: 0.5 | J42: =F42*(1-G42)*(1-H42)*(1-I42) -> 2 | K42: http://romanovka.sarmo.ru/byudzhet-dlya-grazhdan/byudzhet-romanovskogo-munitsipalnogo-rayona/godovoy-otchet/ | L42: Проект решения об исполнении бюджета и материалы к нему должны быть опубликованы в течение 10 рабочих дней после внесения проекта решения в представительный орган муниципального образования (дата внесения проекта - 27.03.2020, дата последнего изменения файла - 03.07.2020)
A43: 34 | B43: Ртищевский | C43: Опубликован в структурированном виде с указанием полных или кратких наименований всех составляющих | D43: Word | F43: =IF(C43=$C$5,4,IF(C43=$C$6,2,0)) -> 4 | J43: =F43*(1-G43)*(1-H43)*(1-I43) -> 4 | K43: http://rtishevo.sarmo.ru/finansovyy-organ/rtishchevskiy-munitsipalnyy-rayon/2019-god/informatsiya-ob-ispolnenii-byudzheta-munitsipalnogo-rayona/
A44: 35 | B44: Самойловский | C44: Опубликован в структурированном виде с указанием полных или кратких наименований всех составляющих | D44: Word, Excel | E44: лишняя папка в архиве | F44: =IF(C44=$C$5,4,IF(C44=$C$6,2,0)) -> 4 | J44: =F44*(1-G44)*(1-H44)*(1-I44) -> 4 | K44: https://sam64.ru/ekonomika-i-byudzhet/byudzhet/ispolnenie-byudzheta/
A45: 36 | B45: Саратовский | C45: Не опубликован | D45: Word, Excel | E45: лишнии папки в архиве | F45: =IF(C45=$C$5,4,IF(C45=$C$6,2,0)) -> 0 | J45: =F45*(1-G45)*(1-H45)*(1-I45) -> 0 | K45: http://saratovskiyraion.ru/mestnyy-byudzhet/ispolnenie-byudzheta/ | L45: В составе архива отсутствует приложение 2.
A46: 37 | B46: Советский | C46: Не опубликован | F46: =IF(C46=$C$5,4,IF(C46=$C$6,2,0)) -> 0 | J46: =F46*(1-G46)*(1-H46)*(1-I46) -> 0 | K46: https://stepnoe-adm.ru/administration/use-budget-funds/novyy-razdel/ | L46: Постановляющая часть проекта не открывается.
A47: 38 | B47: Татищевский | C47: Опубликован в структурированном виде с указанием полных или кратких наименований всех составляющих | D47: Word | E47: лишняя папка в архиве | F47: =IF(C47=$C$5,4,IF(C47=$C$6,2,0)) -> 4 | J47: =F47*(1-G47)*(1-H47)*(1-I47) -> 4 | K47: http://tatishevo.saratov.gov.ru/index.php?option=com_content&view=article&id=1564:2014-02-27-07-02-43&catid=64&Itemid=91
A48: 39 | B48: Турковский | C48: Опубликован в структурированном виде с указанием полных или кратких наименований всех составляющих | D48: Web, Word | F48: =IF(C48=$C$5,4,IF(C48=$C$6,2,0)) -> 4 | J48: =F48*(1-G48)*(1-H48)*(1-I48) -> 4 | K48: http://turki.sarmo.ru/otkrytyy-byudzhet/proekt-resheniya-ob-ispolnennii-byudzheta/proekt-resheniya-ob-ispolnenii-byudzheta-turkovskogo-munitsipalnogo-rayona-za-2019-god.php | L48: Отсутствует возможность скачать файл целиком, только по частям.
A49: 40 | B49: Федоровский | C49: Опубликован в структурированном виде с указанием полных или кратких наименований всех составляющих | D49: Word, Excel | F49: =IF(C49=$C$5,4,IF(C49=$C$6,2,0)) -> 4 | J49: =F49*(1-G49)*(1-H49)*(1-I49) -> 4 | K49: http://fedormr.ru/byudzhet/byudzhet-2019.php | L49: Отсутствует возможность скачать файл целиком, только по частям.
A50: 41 | B50: Хвалынский | C50: Опубликован, но не в структурированном виде и (или) без указания полных или кратких наименований всех составляющих | D50: Word, Excel | E50: Размещено в разделе «Проект бюджета», логичнее размещать в разделе «Исполнение бюджета» | F50: =IF(C50=$C$5,4,IF(C50=$C$6,2,0)) -> 2 | J50: =F50*(1-G50)*(1-H50)*(1-I50) -> 2 | K50: http://hvalynsk.sarmo.ru/administratsiya-khvalynskogo-munitsipalnogo-rayona/byudzhet/proekt-byudzheta.php | L50: Приложения к проекту опубликованы без указания полных или кратких наименований.
A51: 42 | B51: Энгельсский | C51: Опубликован в структурированном виде с указанием полных или кратких наименований всех составляющих | D51: Word, Excel | E51: лишняя папка в архиве | F51: =IF(C51=$C$5,4,IF(C51=$C$6,2,0)) -> 4 | J51: =F51*(1-G51)*(1-H51)*(1-I51) -> 4 | K51: www.engels-city.ru/publichnye-slushaniya/63326-proekt-resheniya-ob-ispolnenii-byudzheta-engelsskogo-munitsipalnogo-rajona-za-2019-god

Sheet Показатель 3.2
A1: 3.2. Опубликование бюджета для граждан, разработанного на основе решения об исполнении бюджета муниципального образования за отчетный финансовый год , на портале (сайте)
A2: Комментарий:
A3: ='Методика II этап'!B12 -> В целях оценки показателя учитывается публикация информации в виде брошюр (презентаций), либо в виде отдельных сведений, опубликованных на портале (сайте). В том числе, должна быть представлена следующая информация: 1) сведения о прогнозируемых и фактических значениях основных показателей социально- экономического развития муниципального образования за отчетный финансовый год (в том числе,сведения о показателях, характеризующих объемы производства, численность и состав населения и т.д.); 2) исполнение плана по доходам в разрезе видов доходов с объяснениями причин отклонения (в случае их наличия); 3)исполнение плана по расходам по разделам и подразделам классификации расходов бюджета с объяснениями причин отклонения (в случае их наличия); 4) сведения о реализуемых в отчетном финансовом году муниципальных программах и достигнутых показателях в увязке с объемами бюджетных расходов, направленных на их достижение; 5) сведения о выполнении обязательств по финансированию социально-значимых проектов за счет бюджета муниципального образования за отчетный финансовый год или об отсутствии таких проектов; 6) сведения об объеме муниципального долга (об отсутствии муниципального долга) по состоянию на начало и на конец отчетного года; 7) контактная информациядля обратной связи с гражданами. Бюджет для граждан, разработанный на основе решения об исполнении бюджета, должен быть опубликован в течение 10 рабочих дней после принятия решения об исполнении бюджета муниципального образования и сохраняться не менее трех лет При нарушении указанного срока применяется понижающий коэффициент за несоблюдение сроков обеспечения доступа к бюджетным данным. В случае, если в установленный срок документ не размещен, оценка показателя принимает значение 0 баллов.
A4: № п/п | B4: Наименование муниципального образования Саратовской обалсти | C4: ='Методика II этап'!B11 -> Опубликование бюджета для граждан, разработанного на основе решения об исполнении бюджета муниципального образования за отчетный финансовый год, на портале (сайте) | D4: Доступность (указать, если возникли трудности с поиском документа, если переход осуществляется более, чем за 5 «кликов» с основной страницы портала (сайта), если название раздела не соответствует содержанию) | E4: Оценка показателя 3.2 | I4: Ссылка на источник данных | J4: Комментарии
B5: Варианты ответов | C5: ='Методика II этап'!B13 -> Опубликован и содержит информацию по всем ключевым элементам | E5: баллы | F5: понижающие коэффициенты | H5: Итого
C6: ='Методика II этап'!B14 -> Опубликован и содержит информацию по пяти и более ключевым элементам | F6: затруднен-ный поиск | G6: несоблюде-ние сроков
C7: ='Методика II этап'!B15 -> Опубликован и содержит информацию по трем и более ключевым элементам
C8: ='Методика II этап'!B16 -> Не опубликован или содержит информацию менее чем по трем ключевым элементам
B9: Городские округа
A10: 1 | B10: г. Саратов | C10: Не опубликован или содержит информацию менее чем по трем ключевым элементам | E10: =IF(C10=$C$5,3,IF(C10=$C$6,2,IF(C10=$C$7,1,0))) -> 0 | H10: =E10*(1-F10)*(1-G10) -> 0 | J10: Ссылка не предоставлена, на сайте информация не найдена.
A11: 2 | B11: п. Михайловское | C11: Опубликован и содержит информацию по трем и более ключевым элементам | E11: =IF(C11=$C$5,3,IF(C11=$C$6,2,IF(C11=$C$7,1,0))) -> 1 | H11: =E11*(1-F11)*(1-G11) -> 1 | I11: http://www.mihailovski.ru/byudzhet-dlya-grazhdan/byudzhet-dlya-grazhdan-razrabotannyy-na-osnove-res/ | J11: Пункт 5 отсутствует, пункт 2 не соответствует (отсутствуют причины отклонения исполнения от плановых значений), пункт 4 не соответствует (отсутствуют достигнутые целевые показатели по каждой программе).
A12: 3 | B12: ЗАТО Светлый | C12: Не опубликован или содержит информацию менее чем по трем ключевым элементам | E12: =IF(C12=$C$5,3,IF(C12=$C$6,2,IF(C12=$C$7,1,0))) -> 0 | H12: =E12*(1-F12)*(1-G12) -> 0
A13: 4 | B13: г. Шиханы | C13: Не опубликован или содержит информацию менее чем по трем ключевым элементам | E13: =IF(C13=$C$5,3,IF(C13=$C$6,2,IF(C13=$C$7,1,0))) -> 0 | H13: =E13*(1-F13)*(1-G13) -> 0
B14: Муниципальные районы
A15: 5 | B15: Александрово-Гайский | C15: Не опубликован или содержит информацию менее чем по трем ключевым элементам | E15: =IF(C15=$C$5,3,IF(C15=$C$6,2,IF(C15=$C$7,1,0))) -> 0 | H15: =E15*(1-F15)*(1-G15) -> 0 | I15: http://algay.sarmo.ru/byudzhet-ekonomika-finansy/byudzhet-dlya-grazhdan.php | J15: Отсутствует пункты 1,5,6, пункты 2,3 не соответствуют (отсутствуют причины отклонения исполнения от плановых значений), пункт 4 не соответствует (отсутствуют достигнутые целевые показатели по каждой программе).
A16: 6 | B16: Аркадакский | C16: Не опубликован или содержит информацию менее чем по трем ключевым элементам | E16: =IF(C16=$C$5,3,IF(C16=$C$6,2,IF(C16=$C$7,1,0))) -> 0 | H16: =E16*(1-F16)*(1-G16) -> 0 | I16: http://arkadak.sarmo.ru/byudzhet-munitsipalnogo-rayona/byudzhet-dlya-grazhdan.php | J16: По указанной ссылке бюджет для граждан, разработанный на основе решения об исполнении бюджета за 2019 год не найден. «Презентация отчёта об исполнении бюджета Аркадакского муниципального района за 2019 год» подготовлен 27.04.2020, а отчет об исполнении бюджета Аркадакского муниципального района за 2019 год утвержден решением № 31-212 от 29.05.2020 года.
A17: 7 | B17: Аткарский | C17: Опубликован и содержит информацию по всем ключевым элементам | E17: =IF(C17=$C$5,3,IF(C17=$C$6,2,IF(C17=$C$7,1,0))) -> 3 | H17: =E17*(1-F17)*(1-G17) -> 3 | I17: https://moyaokruga.ru/cityatkarsk/CityArticles.aspx?articleid=12023
A18: 8 | B18: Базарно-Карабулакский | C18: Опубликован и содержит информацию по всем ключевым элементам | E18: =IF(C18=$C$5,3,IF(C18=$C$6,2,IF(C18=$C$7,1,0))) -> 3 | H18: =E18*(1-F18)*(1-G18) -> 3 | I18: https://admbk.ru/administration/finansovoe-upravlenie/byudzhet/byudzhet-dlya-grazhdan-rayona/
A19: 9 | B19: Балаковский | C19: Не опубликован или содержит информацию менее чем по трем ключевым элементам | E19: =IF(C19=$C$5,3,IF(C19=$C$6,2,IF(C19=$C$7,1,0))) -> 0 | H19: =E19*(1-F19)*(1-G19) -> 0 | I19: http://balkomfin.ru/ | J19: При нажатии на заголовок «Бюджет для граждан к отчету об исполнении районного бюджета Балаковского муниципального района за 2019 год» открывается брошюра «Бюджет для граждан к отчету об исполнении бюджета муниципального образования г.Балаково за 2019 год».
A20: 10 | B20: Балашовский | C20: Опубликован и содержит информацию по всем ключевым элементам | E20: =IF(C20=$C$5,3,IF(C20=$C$6,2,IF(C20=$C$7,1,0))) -> 3 | H20: =E20*(1-F20)*(1-G20) -> 3 | I20: http://baladmin.ru/administration/divisions-structure/finance/otkritiy-byudzhet.php
A21: 11 | B21: Балтайский | C21: Опубликован и содержит информацию по пяти и более ключевым элементам | E21: =IF(C21=$C$5,3,IF(C21=$C$6,2,IF(C21=$C$7,1,0))) -> 2 | H21: =E21*(1-F21)*(1-G21) -> 2 | I21: http://adm-baltay.ru/finansovoe-upravlenie/byudzhet-dlya-grazhdan/ | J21: Пункт 4 не соответствует (отсутствуют достигнутые целевые показатели по каждой программе)
A22: 12 | B22: Вольский | C22: Опубликован и содержит информацию по пяти и более ключевым элементам | E22: =IF(C22=$C$5,3,IF(C22=$C$6,2,IF(C22=$C$7,1,0))) -> 2 | H22: =E22*(1-F22)*(1-G22) -> 2 | I22: http://вольск.рф/administratsiya/struktura-administratsii/byudzhet-dlya-grazhdan.php | J22: Пункт 1 не соответствует (отсутствуют данные о составе населения), пункты 2 не соответствуют (отсутствуют причины отклонения исполнения от плановых значений).
A23: 13 | B23: Воскресенский | C23: Не опубликован или содержит информацию менее чем по трем ключевым элементам | E23: =IF(C23=$C$5,3,IF(C23=$C$6,2,IF(C23=$C$7,1,0))) -> 0 | H23: =E23*(1-F23)*(1-G23) -> 0 | I23: http://voskresensk64.ru/administration/statistics/Budget for citizens/2020-god/ | J23: По указанной ссылке бюджет для граждан, разработанный на основе решения об исполнении бюджета за 2019 год не найден. «Бюджет для граждан по отчету об исполнении бюджета Воскресенского муниципального района Саратовской области за 2019 год» подготовлен на основе проекта решения Собрания Воскресенского муниципального района Саратовской области «Об исполнении бюджета Воскресенского муниципального района Саратовской области за 2019 год»
A24: 14 | B24: Дергачевский | C24: Опубликован и содержит информацию по пяти и более ключевым элементам | E24: =IF(C24=$C$5,3,IF(C24=$C$6,2,IF(C24=$C$7,1,0))) -> 2 | H24: =E24*(1-F24)*(1-G24) -> 2 | I24: http://dergachi.sarmo.ru/byudzhet-dlya-grazhdan/ | J24: Пункт 4 не соответствует (информация представлена по 17 из 23 муниципальных программ). Обратите внимание, что на стр.3 размещена фраза: «Бюджет для граждан» познакомит вас с параметрами бюджета Дергачевского муниципального района за 2018 год.
A25: 15 | B25: Духовницкий | C25: Опубликован и содержит информацию по трем и более ключевым элементам | E25: =IF(C25=$C$5,3,IF(C25=$C$6,2,IF(C25=$C$7,1,0))) -> 1 | H25: =E25*(1-F25)*(1-G25) -> 1 | I25: http://duhovnitskoe.sarmo.ru/byudzhet-dlya-grazhdan/byudzhet-dlya-grazhdan/ | J25: Отсутствует пункт 5, пункт 4 не соответствует (отсутствуют достигнутые целевые показатели по каждой программе), пункты 2 не соответствуют (отсутствуют причины отклонения исполнения от плановых значений), пункты 3 не соответствуют (отсутствуют плановые назначения и причины отклонения исполнения от плановых значений)
A26: 16 | B26: Екатериновский | C26: Не опубликован или содержит информацию менее чем по трем ключевым элементам | E26: =IF(C26=$C$5,3,IF(C26=$C$6,2,IF(C26=$C$7,1,0))) -> 0 | H26: =E26*(1-F26)*(1-G26) -> 0 | I26: http://ekaterinovka.sarmo.ru/byudzhet-dlya-grazhdan/ | J26: По указанной ссылке бюджет для граждан, разработанный на основе решения об исполнении бюджета за 2019 год не найден.
A27: 17 | B27: Ершовский | C27: Опубликован и содержит информацию по трем и более ключевым элементам | E27: =IF(C27=$C$5,3,IF(C27=$C$6,2,IF(C27=$C$7,1,0))) -> 1 | H27: =E27*(1-F27)*(1-G27) -> 1 | I27: https://adminemr.ru/byudzhet-i-finansy/byudzhet-dlya-grazhdan/ | J27: Ссылка дана на документ. Необходимо предоставлять ссылку на страницу портала, с которой можно перейти на документ. Пункт 1 не соответствует (отсутствует сравнение плановых и фактических показателей), пункт 2 и 3 не соответствуют требованиям (отсутствуют причины отклонения от плановых значений).
A28: 18 | B28: Ивантеевский | C28: Опубликован и содержит информацию по всем ключевым элементам | E28: =IF(C28=$C$5,3,IF(C28=$C$6,2,IF(C28=$C$7,1,0))) -> 3 | H28: =E28*(1-F28)*(1-G28) -> 3 | I28: http://ivanteevka.sarmo.ru/byudzhet-dlya-grazhdan/byudzhet-dlya-grazhdan/2019/
A29: 19 | B29: Калининский | C29: Опубликован и содержит информацию по пяти и более ключевым элементам | E29: =IF(C29=$C$5,3,IF(C29=$C$6,2,IF(C29=$C$7,1,0))) -> 2 | H29: =E29*(1-F29)*(1-G29) -> 2 | I29: http://kalininsk.sarmo.ru/byudzhet/byudzhet-dlya-grazhdan/ | J29: Пункт 4 не соответствует требованиям (отсутствуют достигнутые целевые показатели по каждой программе
A30: 20 | B30: Красноармейский | C30: Не опубликован или содержит информацию менее чем по трем ключевым элементам | E30: =IF(C30=$C$5,3,IF(C30=$C$6,2,IF(C30=$C$7,1,0))) -> 0 | H30: =E30*(1-F30)*(1-G30) -> 0 | I30: https://krasnoarmeysk64.ru/krasnoarmeyskiy-rayon/byudzhet/byudzhet-dlya-grazhdan/ | J30: По предоставленной ссылке открывается сайт с надписью «Домен заблокирован». Бюджет для граждан, разработанный на основе решения об исполнении бюджета, должен быть опубликован в течение 10 рабочих дней после принятия решения об исполнении бюджета муниципального образования (дата решения - 14.05.2020, дата последнего изменения в брошюре - 04.06.2020). Отсутствуют пункты 1, 5, пункты 2, 3 не соответствуют (не указаны причины отклонения исполнения от плановых значений), пункт 4 не соответствует (отсутствуют достигнутые целевые показатели по каждой программе), пункт 6 не соответствукет (олтсутствуют данные по состоянию на начало отчетного года).
A31: 21 | B31: Краснокутский | C31: Опубликован и содержит информацию по трем и более ключевым элементам | E31: =IF(C31=$C$5,3,IF(C31=$C$6,2,IF(C31=$C$7,1,0))) -> 1 | H31: =E31*(1-F31)*(1-G31) -> 1 | I31: http://krasny-kut.ru/krasnokutskij_rajon/finansy/ | J31: Пункт 1 не соответствует (отсутствует сравнение плановых и фактических показателей), пункты 2,3 не соответствуют (отсутствуют сравнение плана и факта, причины отклонения исполнения от плановых значений), пункт 4 не соответствует (отсутствуют достигнутые целевые показатели по каждой программе, только оценка по 2019 году)
A32: 22 | B32: Краснопартизанский | C32: Опубликован и содержит информацию по всем ключевым элементам | E32: =IF(C32=$C$5,3,IF(C32=$C$6,2,IF(C32=$C$7,1,0))) -> 3 | H32: =E32*(1-F32)*(1-G32) -> 3 | I32: https://adminkmr.ru/byudzhet/byudzhet-dlya-grazhdan/
A33: 23 | B33: Лысогорский | C33: Опубликован и содержит информацию по пяти и более ключевым элементам | E33: =IF(C33=$C$5,3,IF(C33=$C$6,2,IF(C33=$C$7,1,0))) -> 2 | G33: 0.5 | H33: =E33*(1-F33)*(1-G33) -> 1 | I33: http://adm.lysyegory.ru/base/7479-byudzhet-dlja-grazhdan-k-resheniyu-sobranija-lysogorskogo-municipalnogo-raiona-saratovskoi-obla.html | J33: Бюджет для граждан, разработанный на основе решения об исполнении бюджета, должен быть опубликован в течение 10 рабочих дней после принятия решения об исполнении бюджета муниципального образования (дата решения - 29.05.2020, дата последнего изменения в брошюре - 29.06.2020). Отсутствует пункт 5, пункт 3 не соответствуют (отсутствуют причины отклонения исполнения от плановых значений).
A34: 24 | B34: Марксовский | C34: Не опубликован или содержит информацию менее чем по трем ключевым элементам | E34: =IF(C34=$C$5,3,IF(C34=$C$6,2,IF(C34=$C$7,1,0))) -> 0 | H34: =E34*(1-F34)*(1-G34) -> 0 | I34: https://marksadm.ru/bdg-kf.html | J34: По указанной ссылке бюджет для граждан, разработанный на основе решения об исполнении бюджета за 2019 год отсутствует.
A35: 25 | B35: Новобурасский | C35: Не опубликован или содержит информацию менее чем по трем ключевым элементам | E35: =IF(C35=$C$5,3,IF(C35=$C$6,2,IF(C35=$C$7,1,0))) -> 0 | H35: =E35*(1-F35)*(1-G35) -> 0 | I35: http://www.nbfin.ru/byudzhet_dlya_grazhdan1/novoburasskij_municipal_nyj_rajon/2019_god/ | J35: По указанной ссылке бюджет для граждан, разработанный на основе решения об исполнении бюджета за 2019 год отсутствует.
A36: 26 | B36: Новоузенский | C36: Опубликован и содержит информацию по всем ключевым элементам | E36: =IF(C36=$C$5,3,IF(C36=$C$6,2,IF(C36=$C$7,1,0))) -> 3 | H36: =E36*(1-F36)*(1-G36) -> 3 | I36: http://novouzensk.ru/budget%20for%20people/byudzhet-dlya-grazhdan-2020/index.php
A37: 27 | B37: Озинский | C37: Опубликован и содержит информацию по трем и более ключевым элементам | D37: Наименование файла «Отчет об исполнении районного бюджета Перелюбского муниципального района за 2019 год» | E37: =IF(C37=$C$5,3,IF(C37=$C$6,2,IF(C37=$C$7,1,0))) -> 1 | H37: =E37*(1-F37)*(1-G37) -> 1 | I37: http://ozinki.sarmo.ru/byudzhet/byudzhet-dlya-grazhdan.php?ELEMENT_ID=4362 | J37: Отсутствует пункт 5, пункты 2,3 не соответствуют (отсутствуют сравнение плана и факта, причины отклонения исполнения от плановых значений).
A38: 28 | B38: Перелюбский | C38: Опубликован и содержит информацию по трем и более ключевым элементам | E38: =IF(C38=$C$5,3,IF(C38=$C$6,2,IF(C38=$C$7,1,0))) -> 1 | H38: =E38*(1-F38)*(1-G38) -> 1 | I38: http://adm-perelyb.ru/byudzhet-dlya-grazhdan/ | J38: Пункт 2 не соответствует (отсутствуют причины отклонения исполнения от плановых значений), пункт 4 не соответствует (отсутствует информация о финансировании муниципальных программ), пункт 5 не соответствует (необходимо указывать не только наименование проектов, но и адрес реализации, финансирование (план/факт), фото проекта и пр. информацию).
A39: 29 | B39: Петровский | C39: Опубликован и содержит информацию по всем ключевым элементам | E39: =IF(C39=$C$5,3,IF(C39=$C$6,2,IF(C39=$C$7,1,0))) -> 3 | H39: =E39*(1-F39)*(1-G39) -> 3 | I39: https://petrovsk64.ru/sub-org/fin-upr/otkrytyy-byudzhet/byudzhet-dlya-grazhdan/
A40: 30 | B40: Питерский | C40: Опубликован и содержит информацию по трем и более ключевым элементам | E40: =IF(C40=$C$5,3,IF(C40=$C$6,2,IF(C40=$C$7,1,0))) -> 1 | G40: 0.5 | H40: =E40*(1-F40)*(1-G40) -> 0.5 | I40: http://piterka.sarmo.ru/byudzhet-piterskogo-mr/byudzhet-dlya-grazhdan/byudzhet-dlya-grazhdan.php | J40: Бюджет для граждан, разработанный на основе решения об исполнении бюджета, должен быть опубликован в течение 10 рабочих дней после принятия решения об исполнении бюджета муниципального образования (дата решения - 27.05.2020, дата последнего изменения в брошюре - 11.06.2020). Отсутствует пункт 5, пункты 2,3 не соответствуют (отсутствуют причины отклонения исполнения от плановых значений).
A41: 31 | B41: Пугачевский | C41: Опубликован и содержит информацию по пяти и более ключевым элементам | E41: =IF(C41=$C$5,3,IF(C41=$C$6,2,IF(C41=$C$7,1,0))) -> 2 | H41: =E41*(1-F41)*(1-G41) -> 2 | I41: http://pugachev-adm.ru/2019-3 | J41: Пункты 2,3 не соответствуют (отсутствуют сравнение плана и факта, причины отклонения исполнения от плановых значений).
A42: 32 | B42: Ровенский | C42: Опубликован и содержит информацию по всем ключевым элементам | E42: =IF(C42=$C$5,3,IF(C42=$C$6,2,IF(C42=$C$7,1,0))) -> 3 | H42: =E42*(1-F42)*(1-G42) -> 3 | I42: http://rovnoe.sarmo.ru/byudzhet/byudzhet-dlyagrazhdan/
A43: 33 | B43: Романовский | C43: Не опубликован или содержит информацию менее чем по трем ключевым элементам | E43: =IF(C43=$C$5,3,IF(C43=$C$6,2,IF(C43=$C$7,1,0))) -> 0 | H43: =E43*(1-F43)*(1-G43) -> 0 | I43: http://romanovka.sarmo.ru/byudzhet-dlya-grazhdan/byudzhet-romanovskogo-munitsipalnogo-rayona/byudzhet-dlya-grazhdan.php | J43: По указанной ссылке бюджет для граждан, разработанный на основе решения об исполнении бюджета за 2019 год не найден. «Бюджет для граждан исполнение 2019 год» подготовлен на основе решения от 27.03.2020 №221 «О проекте отчета об исполнении бюджета Романовского муниципального района за 2019 год»
A44: 34 | B44: Ртищевский | C44: Не опубликован или содержит информацию менее чем по трем ключевым элементам | E44: =IF(C44=$C$5,3,IF(C44=$C$6,2,IF(C44=$C$7,1,0))) -> 0 | H44: =E44*(1-F44)*(1-G44) -> 0 | I44: http://rtishevo.sarmo.ru/finansovyy-organ/rtishchevskiy-munitsipalnyy-rayon/2019-god/informatsiya-ob-ispolnenii-byudzheta-munitsipalnogo-rayona/ | J44: По указанной ссылке бюджет для граждан, разработанный на основе решения об исполнении бюджета за 2019 год не найден.
A45: 35 | B45: Самойловский | C45: Не опубликован или содержит информацию менее чем по трем ключевым элементам | E45: =IF(C45=$C$5,3,IF(C45=$C$6,2,IF(C45=$C$7,1,0))) -> 0 | H45: =E45*(1-F45)*(1-G45) -> 0 | I45: https://sam64.ru/ekonomika-i-byudzhet/byudzhet/byudzhet-dlya-grazhdan/ | J45: Отсутствует п.5, пункт 1 не соответствует (отсутствует сравнение плановых и фактических показателей), пункт 4 не соответствует (отсутствуют достигнутые целевые показатели по каждой программе). По пунктам 2 и 3 желательно перед описательной частью размещать данные в табличной форме (план, факт, % исполнения) для наглядности.
A46: 36 | B46: Саратовский | C46: Не опубликован или содержит информацию менее чем по трем ключевым элементам | E46: =IF(C46=$C$5,3,IF(C46=$C$6,2,IF(C46=$C$7,1,0))) -> 0 | H46: =E46*(1-F46)*(1-G46) -> 0 | I46: https://saratovskiyraion.ru/mestnyy-byudzhet/byudzhet-dlya-grazhdan/ | J46: При нажатии на заголовок «Бюджет для граждан к решению Собрания депутатов Саратовского муниципального района 26.05.2020г. «1-07/191 «Об исполнении бюджета Саратовского муниципального района за 2019 год» открывается брошюра «Бюджет для граждан к проекту решения Собрания депутатов Саратовского муниципального района «О бюджете Саратовского муниципального района на 2020 год и плановый период 2021 и 2022 годов»».
A47: 37 | B47: Советский | C47: Опубликован и содержит информацию по пяти и более ключевым элементам | E47: =IF(C47=$C$5,3,IF(C47=$C$6,2,IF(C47=$C$7,1,0))) -> 2 | H47: =E47*(1-F47)*(1-G47) -> 2 | I47: https://stepnoe-adm.ru/administration/use-budget-funds/byudzhet-dlya-grazhdan/ | J47: Пункт 1 не соответствует (отсутствует сравнение плановых и фактических показателей), пункт 4 не соответствует (отсутствуют достигнутые целевые показатели по каждой программе).
A48: 38 | B48: Татищевский | C48: Не опубликован или содержит информацию менее чем по трем ключевым элементам | E48: =IF(C48=$C$5,3,IF(C48=$C$6,2,IF(C48=$C$7,1,0))) -> 0 | H48: =E48*(1-F48)*(1-G48) -> 0 | I48: http://tatishevo.saratov.gov.ru/index.php?option=com_content&view=article&id=Itemid=1827
A49: 39 | B49: Турковский | C49: Опубликован и содержит информацию по всем ключевым элементам | E49: =IF(C49=$C$5,3,IF(C49=$C$6,2,IF(C49=$C$7,1,0))) -> 3 | H49: =E49*(1-F49)*(1-G49) -> 3 | I49: http://turki.sarmo.ru/otkrytyy-byudzhet/byudzhet-dlya-grazhdan/
A50: 40 | B50: Федоровский | C50: Опубликован и содержит информацию по всем ключевым элементам | E50: =IF(C50=$C$5,3,IF(C50=$C$6,2,IF(C50=$C$7,1,0))) -> 3 | H50: =E50*(1-F50)*(1-G50) -> 3 | I50: http://fedormr.ru/byudzhet/byudzhet-2019.php
A51: 41 | B51: Хвалынский | C51: Опубликован и содержит информацию по пяти и более ключевым элементам | E51: =IF(C51=$C$5,3,IF(C51=$C$6,2,IF(C51=$C$7,1,0))) -> 2 | H51: =E51*(1-F51)*(1-G51) -> 2 | I51: http://hvalynsk.sarmo.ru/administratsiya-khvalynskogo-munitsipalnogo-rayona/byudzhet/byudzhet-dlya-grazhdan.php?bitrix_include_areas=N&clear_cache=Y | J51: Пункт 2 не соответствует (отсутствуют причины отклонения исполнения от плановых значений). Обратите внимание, на стр. 57 ошибка в наименовании двух последних граф.
A52: 42 | B52: Энгельсский | C52: Опубликован и содержит информацию по всем ключевым элементам | E52: =IF(C52=$C$5,3,IF(C52=$C$6,2,IF(C52=$C$7,1,0))) -> 3 | H52: =E52*(1-F52)*(1-G52) -> 3 | I52: http://www.engels-city.ru/byudzhet-dlya-grazhdan | J52: По пунктам 2 желательно перед описательной частью размещать данные в табличной форме (план, факт, % исполнения) для наглядности.

Sheet Показатель 3.3
A1: 3.3. Опубликование заключение контрольно-счетного органа муниципального образования на годовой отчет об исполнении бюджета муниципального образования за отчетный финансовый год на портале (сайте)
A2: Комментарий:
A3: ='Методика II этап'!B18 -> В целях оценки показателя учитывается официальный документ, подписанный уполномоченным должностным лицом. В указанном документе должны быть указаны: а) должность, фамилия и инициалы лица, подписавшего документ, б) дата подписания документа.
A4: № п/п | B4: Наименование муниципального образования Саратовской обалсти | C4: ='Методика II этап'!B17 -> Опубликование заключения контрольно-счетного органа муниципального образования на годовой отчет об исполнении бюджета муниципального образования за отчетный финансовый год на портале (сайте) | D4: Формат | E4: Доступность (указать, если возникли трудности с поиском документа, если переход осуществляется более, чем за 5 «кликов» с основной страницы портала (сайта), если название раздела не соответствует содержанию) | F4: Оценка показателя 3.3 | K4: Ссылка на источник данных | L4: Комментарии
B5: Варианты ответов | C5: ='Методика II этап'!B19 -> Опубликовано | D5: Word, Excel, PDF | F5: баллы | G5: понижающие коэффициенты | J5: Итого
C6: ='Методика II этап'!B20 -> Не опубликовано или не отвечает требованиям | G6: графический формат | H6: затруднен-ный поиск | I6: несоблюде-ние сроков
B7: Городские округа
A8: 1 | B8: г. Саратов | C8: Опубликовано | D8: Web, PDF | F8: =IF(C8=$C$5,1,0) -> 1 | J8: =F8*(1-G8)*(1-H8)*(1-I8) -> 1 | K8: https://www.kspsaratov.ru/?p=3817 | L8: Дата документа -24.04.2020 года, дата публикации - 30.06.2020
A9: 2 | B9: п. Михайловское | C9: Опубликовано | D9: PDF | F9: =IF(C9=$C$5,1,0) -> 1 | J9: =F9*(1-H9)*(1-I9) -> 1 | K9: http://www.mihailovski.ru/kontrolno---schyotnaya-komissiya/deyatelnost-ksk/zaklyuchenie-na-godovoy-otchet-ob-ispolnenii-byudz/
A10: 3 | B10: ЗАТО Светлый | C10: Опубликовано | D10: PDF | F10: =IF(C10=$C$5,1,0) -> 1 | J10: =F10*(1-H10)*(1-I10)*(1-G10) -> 1 | K10: https://zatosvetly.ru/city/economics_amp_finance/byudzhet-gorodskogo-okruga/informatsiya-ob-ispolnenii-byudzheta-gorodskogo-okruga-zato-svetlyy/2019/ | L10: Дата документа -28.05.2020 года, дата публикации - 30.06.2020
A11: 4 | B11: г. Шиханы | C11: Не опубликовано или не отвечает требованиям | D11: Word | F11: =IF(C11=$C$5,1,0) -> 0 | J11: =F11*(1-H11)*(1-I11)*(1-G11) -> 0 | K11: http://zatoshihany.ru/sobranie/kontrolnaya/ | L11: В документе отсутствует подпись должностного лица и дата подписания документа. Не соблюден формат размещения официального документа.
B12: Муниципальные районы
A13: 5 | B13: Александрово-Гайский | C13: Не опубликовано или не отвечает требованиям | D13: Word | F13: =IF(C13=$C$5,1,0) -> 0 | J13: =F13*(1-H13)*(1-I13)*(1-G13) -> 0 | K13: http://algay.sarmo.ru/byudzhet-ekonomika-finansy/vneshniy-kontrol.php | L13: В документе отсутствует подпись должностного лица и дата подписания документа. Не соблюден формат размещения официального документа.
A14: 6 | B14: Аркадакский | C14: Не опубликовано или не отвечает требованиям | F14: =IF(C14=$C$5,1,0) -> 0 | J14: =F14*(1-H14)*(1-I14)*(1-G14) -> 0 | L14: Ссылка не предоставлена, на сайте информация не найдена.
A15: 7 | B15: Аткарский | C15: Опубликовано | D15: PDF | F15: =IF(C15=$C$5,1,0) -> 1 | J15: =F15*(1-H15)*(1-I15)*(1-G15) -> 1 | K15: http://atkarsk.moyaokruga.ru/CityArticles.aspx?articleid=11696
A16: 8 | B16: Базарно-Карабулакский | C16: Опубликовано | D16: PDF | F16: =IF(C16=$C$5,1,0) -> 1 | J16: =F16*(1-H16)*(1-I16)*(1-G16) -> 1 | K16: https://admbk.ru/administration/finansovoe-upravlenie/po-proektu-resheniya-sobraniya-bazarno-karabulakskogo-munitsipalnogo-rayona-ob-utverzhdenii-godovogo/
A17: 9 | B17: Балаковский | C17: Опубликовано | D17: PDF | F17: =IF(C17=$C$5,1,0) -> 1 | J17: =F17*(1-H17)*(1-I17)*(1-G17) -> 1 | K17: http://balkomfin.ru/
A18: 10 | B18: Балашовский | C18: Опубликовано | D18: PDF | F18: =IF(C18=$C$5,1,0) -> 1 | J18: =F18*(1-H18)*(1-I18)*(1-G18) -> 1 | K18: http://baladmin.ru/byudzhet-na-2019-god-i-planovyy-period-2019-i-2020-godov.php?clear_cache=Y
A19: 11 | B19: Балтайский | C19: Опубликовано | D19: PDF | F19: =IF(C19=$C$5,1,0) -> 1 | J19: =F19*(1-H19)*(1-I19)*(1-G19) -> 1 | K19: http://adm-baltay.ru/finansovoe-upravlenie/vnutrenniy-munitsipalnyiy-finansovyiy-kontrol-baltayskogo-munitsipalnogo-rayona/ | L19: Дата документа -28.04.2020 года, дата публикации - 30.06.2020
A20: 12 | B20: Вольский | C20: Не опубликовано или не отвечает требованиям | F20: =IF(C20=$C$5,1,0) -> 0 | J20: =F20*(1-H20)*(1-I20)*(1-G20) -> 0 | L20: Ссылка не предоставлена, информация на сайте не обнаружена.
A21: 13 | B21: Воскресенский | C21: Не опубликовано или не отвечает требованиям | F21: =IF(C21=$C$5,1,0) -> 0 | J21: =F21*(1-H21)*(1-I21)*(1-G21) -> 0 | L21: Ссылка не предоставлена, информация на сайте не обнаружена.
A22: 14 | B22: Дергачевский | C22: Опубликовано | D22: PDF | F22: =IF(C22=$C$5,1,0) -> 1 | J22: =F22*(1-H22)*(1-I22)*(1-G22) -> 1 | K22: http://dergachi.sarmo.ru/kontrolno-schetnyy-organ-dergachevskogo-munitsipalnogo-rayona/
A23: 15 | B23: Духовницкий | C23: Опубликовано | D23: PDF | F23: =IF(C23=$C$5,1,0) -> 1 | J23: =F23*(1-H23)*(1-I23)*(1-G23) -> 1 | K23: http://duhovnitskoe.sarmo.ru/kontrolno-revizionnaya-komissiya/zaklyucheniya-po-byudzhetu/ | L23: Дата документа -30.04.2020 года, дата публикации - 21.05.2020
A24: 16 | B24: Екатериновский | C24: Не опубликовано или не отвечает требованиям | D24: Word | F24: =IF(C24=$C$5,1,0) -> 0 | J24: =F24*(1-H24)*(1-I24)*(1-G24) -> 0 | K24: http://ekaterinovka.sarmo.ru/kontrolno-schetnaya-komissiya/ | L24: В документе отсутствует подпись должностного лица. Не соблюден формат размещения официального документа.
A25: 17 | B25: Ершовский | C25: Не опубликовано или не отвечает требованиям | D25: Word | F25: =IF(C25=$C$5,1,0) -> 0 | J25: =F25*(1-H25)*(1-I25)*(1-G25) -> 0 | K25: https://adminemr.ru/ershovskiy-munitsipalnyy-rayon/kontrolno-schetnaya-komissiya/zaklyucheniya/ | L25: Ссылка дана на документ. Необходимо предоставлять ссылку на страницу портала, с которой можно перейти на документ. В документе отсутствует подпись должностного лица. Не соблюден формат размещения официального документа.
A26: 18 | B26: Ивантеевский | C26: Опубликовано | D26: PDF | F26: =IF(C26=$C$5,1,0) -> 1 | J26: =F26*(1-H26)*(1-I26)*(1-G26) -> 1 | K26: http://ivanteevka.sarmo.ru/byudzhet-dlya-grazhdan/finansovyy-kontrol/kontrolno-schetnyy-organ-ivantevskogo-munitsipalnogo-rayona/kontrolnye-meropriyatiya/
A27: 19 | B27: Калининский | C27: Не опубликовано или не отвечает требованиям | F27: =IF(C27=$C$5,1,0) -> 0 | J27: =F27*(1-H27)*(1-I27)*(1-G27) -> 0 | K27: http://kalininsk.sarmo.ru/kontrolno-schetnaya-komissiya/zaklyuchenie-ksk-na-otchet-ob-ispolnenii-byudzheta/ | L27: По предоставленной ссылке документ не обнаружен.
A28: 20 | B28: Красноармейский | C28: Не опубликовано или не отвечает требованиям | D28: Word | F28: =IF(C28=$C$5,1,0) -> 0 | J28: =F28*(1-H28)*(1-I28)*(1-G28) -> 0 | K28: https://krasnoarmeysk64.ru/krasnoarmeyskiy-rayon/byudzhet/byudzhet-dlya-grazhdan/ | L28: По предоставленной ссылке открывается сайт с надписью «Домен заблокирован». В документе отсутствует подпись должностного лица. Не соблюден формат размещения официального документа.
A29: 21 | B29: Краснокутский | C29: Опубликовано | D29: PDF | F29: =IF(C29=$C$5,1,0) -> 1 | J29: =F29*(1-H29)*(1-I29)*(1-G29) -> 1 | K29: http://krasny-kut.ru/municipal_noe_sobranie/kontrol_no-schetnaya_komissiya/
A30: 22 | B30: Краснопартизанский | C30: Опубликовано | D30: PDF | F30: =IF(C30=$C$5,1,0) -> 1 | J30: =F30*(1-H30)*(1-I30)*(1-G30) -> 1 | K30: https://adminkmr.ru/byudzhet/ispolnenie-byudzheta/ispolnenie-byudzheta-za-2019-god/
A31: 23 | B31: Лысогорский | C31: Опубликовано | D31: JPG | F31: =IF(C31=$C$5,1,0) -> 1 | J31: =F31*(1-H31)*(1-I31)*(1-G31) -> 1 | K31: http://adm.lysyegory.ru/base/7290-zaklyuchenie-na-godovoi-otchet-ob-ispolnenii-byudzheta-lysogorskogo-municipalnogo-raiona.html
A32: 24 | B32: Марксовский | C32: Не опубликовано или не отвечает требованиям | F32: =IF(C32=$C$5,1,0) -> 0 | J32: =F32*(1-H32)*(1-I32)*(1-G32) -> 0 | K32: https://marksadm.ru/icp-b.html | L32: По предоставленной ссылке документ не обнаружен.
A33: 25 | B33: Новобурасский | C33: Опубликовано | D33: PDF | F33: =IF(C33=$C$5,1,0) -> 1 | J33: =F33*(1-H33)*(1-I33)*(1-G33) -> 1 | K33: http://www.nbfin.ru/byudzhet_dlya_grazhdan/na_tekuwij_god/proekt_resheniya_ob_ispolnenii_byudzheta/za_2019_god/ | L33: Дата документа -14.05.2020 года, дата публикации - 25.06.2020
A34: 26 | B34: Новоузенский | C34: Опубликовано | D34: PDF | F34: =IF(C34=$C$5,1,0) -> 1 | J34: =F34*(1-H34)*(1-I34)*(1-G34) -> 1 | K34: http://novouzensk.ru/budget%20for%20people/byudzhet-dlya-grazhdan-2020/proekt-resheniya-ob-utverzhdenii-otcheta/index.php | L34: Дата документа -30.04.2020 года, дата публикации - 29.06.2020
A35: 27 | B35: Озинский | C35: Опубликовано | D35: JPG | E35: Раздел не структурирован | F35: =IF(C35=$C$5,1,0) -> 1 | J35: =F35*(1-H35)*(1-I35)*(1-G35) -> 1 | K35: http://ozinki.sarmo.ru/byudzhet/ispolnenie-byudzheta.php?ELEMENT_ID=4797 | L35: Дата документа -10.04.2020 года, дата публикации - 13.07.2020
A36: 28 | B36: Перелюбский | C36: Не опубликовано или не отвечает требованиям | D36: PDF | F36: =IF(C36=$C$5,1,0) -> 0 | J36: =F36*(1-H36)*(1-I36)*(1-G36) -> 0 | K36: http://adm-perelyb.ru/byudzhet-rayona/ | L36: В документе отсутствует дата подписания документа.
A37: 29 | B37: Петровский | C37: Опубликовано | D37: PDF | E37: 6 кликов до документа | F37: =IF(C37=$C$5,1,0) -> 1 | H37: 0.5 | J37: =F37*(1-H37)*(1-I37)*(1-G37) -> 0.5 | K37: https://petrovsk64.ru/sub-org/fin-upr/dokumenty/informaciya-ksk/
A38: 30 | B38: Питерский | C38: Не опубликовано или не отвечает требованиям | F38: =IF(C38=$C$5,1,0) -> 0 | J38: =F38*(1-H38)*(1-I38)*(1-G38) -> 0
A39: 31 | B39: Пугачевский | C39: Опубликовано | D39: PDF | F39: =IF(C39=$C$5,1,0) -> 1 | J39: =F39*(1-H39)*(1-I39)*(1-G39) -> 1 | K39: http://pugachev-adm.ru/ekspertno-analiticheskie-meropriyatiya | L39: Дата документа -20.04.2020 года, дата публикации -22.05.2020
A40: 32 | B40: Ровенский | C40: Опубликовано | D40: PDF | F40: =IF(C40=$C$5,1,0) -> 1 | J40: =F40*(1-H40)*(1-I40)*(1-G40) -> 1 | K40: http://rovnoe.sarmo.ru/2019-god-.php?clear_cache=Y
A41: 33 | B41: Романовский | C41: Опубликовано | D41: PDF | F41: =IF(C41=$C$5,1,0) -> 1 | J41: =F41*(1-H41)*(1-I41)*(1-G41) -> 1 | K41: http://romanovka.sarmo.ru/byudzhet-dlya-grazhdan/byudzhet-romanovskogo-munitsipalnogo-rayona/godovoy-otchet/zaklyuchenie-kontrolno-schetnogo-organa/ | L41: Дата документа -14.04.2020 года, дата публикации -30.06.2020
A42: 34 | B42: Ртищевский | C42: Опубликовано | D42: PDF | F42: =IF(C42=$C$5,1,0) -> 1 | J42: =F42*(1-H42)*(1-I42)*(1-G42) -> 1 | K42: http://rtishevo.sarmo.ru/finansovyy-organ/rtishchevskiy-munitsipalnyy-rayon/2019-god/informatsiya-ob-ispolnenii-byudzheta-munitsipalnogo-rayona/
A43: 35 | B43: Самойловский | C43: Не опубликовано или не отвечает требованиям | D43: Word | F43: =IF(C43=$C$5,1,0) -> 0 | J43: =F43*(1-H43)*(1-I43)*(1-G43) -> 0 | K43: https://sam64.ru/munitsipalnoe-sobranie/kontrolno-schetnaya-komissiya-samoylovskogo-munitsipalnogo-rayona/zaklyucheniya-ksk-na-godovye-otchety-ob-ispolnenii-byudzheta/ | L43: В документе отсутствует подпись должностного лица. Не соблюден формат размещения официального документа.
A44: 36 | B44: Саратовский | C44: Опубликовано | D44: Word,JPG | F44: =IF(C44=$C$5,1,0) -> 1 | J44: =F44*(1-H44)*(1-I44)*(1-G44) -> 1 | K44: http://saratovskiyraion.ru/mestnyy-byudzhet/ispolnenie-byudzheta/ | L44: Дата документа -30.04.2020 года, дата публикации -29.06.2020
A45: 37 | B45: Советский | C45: Опубликовано | D45: PDF | F45: =IF(C45=$C$5,1,0) -> 1 | J45: =F45*(1-H45)*(1-I45)*(1-G45) -> 1 | K45: https://stepnoe-adm.ru/administration/use-budget-funds/novyy-razdel/
A46: 38 | B46: Татищевский | C46: Не опубликовано или не отвечает требованиям | D46: Word | F46: =IF(C46=$C$5,1,0) -> 0 | J46: =F46*(1-H46)*(1-I46)*(1-G46) -> 0 | K46: http://tatishevo.saratov.gov.ru/index.php?option=com_content&view=article&id=5241:--2020--&catid=64:2009-12-20-17-44-19&Itemid=91
A47: 39 | B47: Турковский | C47: Не опубликовано или не отвечает требованиям | D47: PDF | F47: =IF(C47=$C$5,1,0) -> 0 | J47: =F47*(1-H47)*(1-I47)*(1-G47) -> 0 | K47: http://turki.sarmo.ru/otkrytyy-byudzhet/obshchestvennoe-uchastie/publichnye-slushaniya-po-proektu-resheniya-o-byudzhete-2019-god/ | L47: В документе отсутствует дата подписания.
A48: 40 | B48: Федоровский | C48: Опубликовано | D48: PDF | F48: =IF(C48=$C$5,1,0) -> 1 | J48: =F48*(1-H48)*(1-I48)*(1-G48) -> 1 | K48: http://fedormr.ru/byudzhet/byudzhet-2019.php
A49: 41 | B49: Хвалынский | C49: Опубликовано | D49: PDF | F49: =IF(C49=$C$5,1,0) -> 1 | J49: =F49*(1-H49)*(1-I49)*(1-G49) -> 1 | K49: http://hvalynsk.sarmo.ru/administratsiya-khvalynskogo-munitsipalnogo-rayona/byudzhet/proekt-byudzheta.php
A50: 42 | B50: Энгельсский | C50: Опубликовано | D50: PDF | F50: =IF(C50=$C$5,1,0) -> 1 | J50: =F50*(1-H50)*(1-I50)*(1-G50) -> 1 | K50: http://www.engels-city.ru/resheniya-o-byudzhete/64962-zaklyuchenie-kontrolno-schetnoj-palaty-na-godovoj-otchet-engelsskogo-munitsipalnogo-rajona-za-2019-god

Sheet Показатель 4.1
A1: 4.1. Информационное сообщение для граждан о проведении публичных слушаний по годовому отчету об исполнении бюджета муниципального образования за отчетный финансовый год на портале (сайте)
A2: Комментарий:
A3: ='Методика II этап'!B23 -> В составе информационных сообщений о проведении публичных слушаний в обязательном порядке должны быть указаны дата, время, место и порядок их проведения. Если указанные сведения представлены частично, оценка показателя принимает значение 0 баллов. В случае, если в установленный срок в информационном сообщении ссылка (адрес) на раздел (страницу) портала (сайта), где опубликованы указанные материалы, отсутствует, а также если по указанной ссылке (адресу) проект решения об исполнении бюджета за отчетный год не опубликован, оценка показателя принимает значение 0 баллов. Информационное сообщение о проведении публичных слушаний по годовому отчету должно быть опубликовано не позднее, чем за пять рабочих дней до дня проведения публичных слушаний. При нарушении указанного срока применяется понижающий коэффициент за несоблюдение сроков обеспечения доступа к бюджетным данным. В случае, если в установленный срок документ не размещен, оценка показателя принимает значение 0 баллов.
A4: № п/п | B4: Наименование муниципального образования Саратовской обалсти | C4: ='Методика II этап'!B22 -> Опубликование информационного сообщения для граждан о проведении публичных слушаний по годовому отчету об исполнении бюджета за отчетный финансовый год на портале (сайте) | D4: Доступность (указать, если возникли трудности с поиском информационного сообщения, если переход осуществляется более, чем за 5 «кликов» с основной страницы портала (сайта), если название раздела не соответствует содержанию) | E4: Оценка показателя 4.1. | I4: Ссылка на источник данных | J4: Комментарии
B5: Варианты ответов | C5: ='Методика II этап'!B24 -> Опубликовано и содержит информацию о том, где можно ознакомиться с проектом решения об исполнении бюджета за отчетный год | E5: баллы | F5: понижающие коэффициенты | H5: Итого
C6: ='Методика II этап'!B25 -> Не опубликовано, или публичные слушания не проводились, или не отвечает требованиям | F6: затруднен-ный поиск | G6: несоблюде-ние сроков
B7: Городские округа
A8: 1 | B8: г. Саратов | C8: Опубликовано и содержит информацию о том, где можно ознакомиться с проектом решения об исполнении бюджета за отчетный год | E8: =IF(C8=$C$5,1,0) -> 1 | H8: =E8*(1-F8)*(1-G8) -> 1 | I8: http://www.saratovmer.ru/news/2020/10/22/65703.html
A9: 2 | B9: п. Михайловское | C9: Опубликовано и содержит информацию о том, где можно ознакомиться с проектом решения об исполнении бюджета за отчетный год | E9: =IF(C9=$C$5,1,0) -> 1 | H9: =E9*(1-F9)*(1-G9) -> 1 | I9: http://www.mihailovski.ru/administratsiya/finansy/publichnye-slushaniya/obyavlenie4231/ | J9: Информационное сообщение рекомендуется размещать в разделе «Новости»
A10: 3 | B10: ЗАТО Светлый | C10: Не опубликовано, или публичные слушания не проводились, или не отвечает требованиям | E10: =IF(C10=$C$5,1,0) -> 0 | H10: =E10*(1-F10)*(1-G10) -> 0
A11: 4 | B11: г. Шиханы | C11: Не опубликовано, или публичные слушания не проводились, или не отвечает требованиям | E11: =IF(C11=$C$5,1,0) -> 0 | H11: =E11*(1-F11)*(1-G11) -> 0
B12: Муниципальные районы
A13: 5 | B13: Александрово-Гайский | C13: Не опубликовано, или публичные слушания не проводились, или не отвечает требованиям | E13: =IF(C13=$C$5,1,0) -> 0 | H13: =E13*(1-F13)*(1-G13) -> 0 | I13: http://algay.sarmo.ru/?ELEMENT_ID=5595 | J13: По предоставленной ссылке размещено Постановление от 06.03.2020 г. № 94 «О назначении публичных слушаний по отчету об исполнении бюджета Александрово-Гайского муниципального района за 2019 год», а не информационное сообщение.
A14: 6 | B14: Аркадакский | C14: Опубликовано и содержит информацию о том, где можно ознакомиться с проектом решения об исполнении бюджета за отчетный год | E14: =IF(C14=$C$5,1,0) -> 1 | H14: =E14*(1-F14)*(1-G14) -> 1 | I14: http://arkadak.sarmo.ru/news/15maya2020godav1000vaktovomzaleadministratsiimoarkadakskogomunitsipalnogorayona/
A15: 7 | B15: Аткарский | C15: Опубликовано и содержит информацию о том, где можно ознакомиться с проектом решения об исполнении бюджета за отчетный год | E15: =IF(C15=$C$5,1,0) -> 1 | H15: =E15*(1-F15)*(1-G15) -> 1 | I15: https://moyaokruga.ru/cityatkarsk/CityArticles.aspx?articleid=11693 | J15: Информационное сообщение рекомендуется размещать в разделе «Новости»
A16: 8 | B16: Базарно-Карабулакский | C16: Опубликовано и содержит информацию о том, где можно ознакомиться с проектом решения об исполнении бюджета за отчетный год | E16: =IF(C16=$C$5,1,0) -> 1 | H16: =E16*(1-F16)*(1-G16) -> 1 | I16: https://admbk.ru/administration/finansovoe-upravlenie/ | J16: Информационное сообщение рекомендуется размещать в разделе «Новости»
A17: 9 | B17: Балаковский | C17: Опубликовано и содержит информацию о том, где можно ознакомиться с проектом решения об исполнении бюджета за отчетный год | E17: =IF(C17=$C$5,1,0) -> 1 | H17: =E17*(1-F17)*(1-G17) -> 1 | I17: http://www.admbal.ru/news_all/uvazhaemye-zhiteli-balakovskogo-munitsip646alnogo-rayona/
A18: 10 | B18: Балашовский | C18: Опубликовано и содержит информацию о том, где можно ознакомиться с проектом решения об исполнении бюджета за отчетный год | E18: =IF(C18=$C$5,1,0) -> 1 | H18: =E18*(1-F18)*(1-G18) -> 1 | I18: http://baladmin.ru/news/14317/
A19: 11 | B19: Балтайский | C19: Опубликовано и содержит информацию о том, где можно ознакомиться с проектом решения об исполнении бюджета за отчетный год | E19: =IF(C19=$C$5,1,0) -> 1 | H19: =E19*(1-F19)*(1-G19) -> 1 | I19: http://adm-baltay.ru/o-provedenii-publichnyh-slushanij-2/
A20: 12 | B20: Вольский | C20: Не опубликовано, или публичные слушания не проводились, или не отвечает требованиям | E20: =IF(C20=$C$5,1,0) -> 0 | H20: =E20*(1-F20)*(1-G20) -> 0 | J20: Ссылка не предоставлена, информация на сайте не обнаружена.
A21: 13 | B21: Воскресенский | C21: Не опубликовано, или публичные слушания не проводились, или не отвечает требованиям | E21: =IF(C21=$C$5,1,0) -> 0 | H21: =E21*(1-F21)*(1-G21) -> 0 | J21: Информационное сообщение для граждан о проведении публичных слушаний по годовому отчету об исполнении бюджета за 2019 год на портале (сайте) в разделе «Новости муниципального района» со ссылкой на страницу, где можно ознакомиться с проектом решения, не публиковалось.
A22: 14 | B22: Дергачевский | C22: Опубликовано и содержит информацию о том, где можно ознакомиться с проектом решения об исполнении бюджета за отчетный год | E22: =IF(C22=$C$5,1,0) -> 1 | H22: =E22*(1-F22)*(1-G22) -> 1 | I22: http://dergachi.sarmo.ru/novosti/?ELEMENT_ID=1799 | J22: Ссылка предоставлена на архив, где размещено «Положение о публичных слушаниях в Дергачевском муниципальном районе Саратовской области», а не на информационное сообщение.
A23: 15 | B23: Духовницкий | C23: Не опубликовано, или публичные слушания не проводились, или не отвечает требованиям | E23: =IF(C23=$C$5,1,0) -> 0 | H23: =E23*(1-F23)*(1-G23) -> 0 | I23: http://duhovnitskoe.sarmo.ru/publichnye-slushaniya/?ELEMENT_ID=5706 | J23: Ссылка предоставлена на информационное сообщение о проведении публичных слушаний по проекту решения районного Собрания Духовницкого муниципального района «Об исполнении бюджета Духовницкого муниципального района за 2018 год». В составе информационных сообщений о проведении публичных слушаний в обязательном порядке должны быть указаны порядок их проведения
A24: 16 | B24: Екатериновский | C24: Не опубликовано, или публичные слушания не проводились, или не отвечает требованиям | E24: =IF(C24=$C$5,1,0) -> 0 | H24: =E24*(1-F24)*(1-G24) -> 0 | I24: http://ekaterinovka.sarmo.ru/rayonnoe-sobranie/publichnye-slushaniya.php | J24: По предоставленной ссылке информационное сообщение о проведении публичных слушаниям об исполнении бюджета за 2019 год не размещено. Информация на сайте не обнаружена.
A25: 17 | B25: Ершовский | C25: Не опубликовано, или публичные слушания не проводились, или не отвечает требованиям | E25: =IF(C25=$C$5,1,0) -> 0 | H25: =E25*(1-F25)*(1-G25) -> 0 | J25: Ссылка предоставлена на решение «О назначении публичных слушаний по проекту решения районного Собрания «Об утверждении отчета об исполнении бюджета Ершовского муниципального района за 2019 год». Необходимо предоставлять ссылку на информационное сообщение. которое рекомендуется размещать в разделе «Новости». Информация на сайте не обнаружена.
A26: 18 | B26: Ивантеевский | C26: Опубликовано и содержит информацию о том, где можно ознакомиться с проектом решения об исполнении бюджета за отчетный год | E26: =IF(C26=$C$5,1,0) -> 1 | H26: =E26*(1-F26)*(1-G26) -> 1 | I26: http://ivanteevka.sarmo.ru/novyy-razdel/?ELEMENT_ID=7225
A27: 19 | B27: Калининский | C27: Не опубликовано, или публичные слушания не проводились, или не отвечает требованиям | E27: =IF(C27=$C$5,1,0) -> 0 | H27: =E27*(1-F27)*(1-G27) -> 0 | I27: http://kalininsk.sarmo.ru/predstavitelnyy-organ-munitsipalnogo-rayona/proekty-informatsiya/ | J27: По предоставленной ссылке информационное сообщение о проведении публичных слушаниям об исполнении бюджета за 2019 год не размещено. Информация на сайте не обнаружена.
A28: 20 | B28: Красноармейский | C28: Не опубликовано, или публичные слушания не проводились, или не отвечает требованиям | E28: =IF(C28=$C$5,1,0) -> 0 | H28: =E28*(1-F28)*(1-G28) -> 0 | I28: https://krasnoarmeysk64.ru/ | J28: По предоставленной ссылке открывается сайт с надписью «Домен заблокирован». Информация на сайте не обнаружена.
A29: 21 | B29: Краснокутский | C29: Опубликовано и содержит информацию о том, где можно ознакомиться с проектом решения об исполнении бюджета за отчетный год | E29: =IF(C29=$C$5,1,0) -> 1 | H29: =E29*(1-F29)*(1-G29) -> 1 | I29: http://krasny-kut.ru/krasnokutskij_rajon/finansy/novosti/
A30: 22 | B30: Краснопартизанский | C30: Не опубликовано, или публичные слушания не проводились, или не отвечает требованиям | E30: =IF(C30=$C$5,1,0) -> 0 | H30: =E30*(1-F30)*(1-G30) -> 0 | I30: https://adminkmr.ru/byudzhet/ispolnenie-byudzheta/ispolnenie-byudzheta-za-2019-god/ | J30: Информационное сообщение рекомендуется размещать в разделе «Новости». Отсутствует прямая ссылка на проект решения об исполнении бюджета за отчетный год, вставлена ссылка на главную страницу сайта.
A31: 23 | B31: Лысогорский | C31: Не опубликовано, или публичные слушания не проводились, или не отвечает требованиям | E31: =IF(C31=$C$5,1,0) -> 0 | H31: =E31*(1-F31)*(1-G31) -> 0 | I31: http://adm.lysyegory.ru/base/7249-objavlenie.html | J31: Информационное сообщение рекомендуется размещать в разделе «Новости». Отсутствует ссылка на проект решения об исполнении бюджета за отчетный год.
A32: 24 | B32: Марксовский | C32: Не опубликовано, или публичные слушания не проводились, или не отвечает требованиям | E32: =IF(C32=$C$5,1,0) -> 0 | H32: =E32*(1-F32)*(1-G32) -> 0 | I32: https://marksadm.ru/news/6619-publichnye-slushaniya.html | J32: На момент опубликования информационного сообщения, проект решения об исполнении бюджета за 2019 год по указанной ссылке не размещен.
A33: 25 | B33: Новобурасский | C33: Опубликовано и содержит информацию о том, где можно ознакомиться с проектом решения об исполнении бюджета за отчетный год | E33: =IF(C33=$C$5,1,0) -> 1 | H33: =E33*(1-F33)*(1-G33) -> 1 | I33: http://admnburasy.ru/nov_mr_podrob_jul_20.htm#21072020
A34: 26 | B34: Новоузенский | C34: Не опубликовано, или публичные слушания не проводились, или не отвечает требованиям | E34: =IF(C34=$C$5,1,0) -> 0 | H34: =E34*(1-F34)*(1-G34) -> 0 | I34: http://novouzensk.ru/city/budget.php | J34: По предоставленной ссылке размещено «Решение от 26.05.2020 года № 238 О назначении публичных слушаний по проекту решения Собрания НМР», а не информационное сообщение.
A35: 27 | B35: Озинский | C35: Не опубликовано, или публичные слушания не проводились, или не отвечает требованиям | D35: Раздел не структурирован | E35: =IF(C35=$C$5,1,0) -> 0 | H35: =E35*(1-F35)*(1-G35) -> 0 | I35: http://ozinki.sarmo.ru/byudzhet/ispolnenie-byudzheta.php?ELEMENT_ID=4797 | J35: В составе информационных сообщений о проведении публичных слушаний в обязательном порядке должен быть указан порядок их проведения. Информационное сообщение рекомендуется размещать в разделе «Новости».
A36: 28 | B36: Перелюбский | C36: Не опубликовано, или публичные слушания не проводились, или не отвечает требованиям | E36: =IF(C36=$C$5,1,0) -> 0 | H36: =E36*(1-F36)*(1-G36) -> 0 | I36: http://adm-perelyb.ru/informaciya-dlya-naseleniya-2/ | J36: В составе информационных сообщений о проведении публичных слушаний в обязательном порядке должен быть указан порядок их проведения. В указанном в сообщении разделе не опубликован проект решения об исполнении бюджета.
A37: 29 | B37: Петровский | C37: Опубликовано и содержит информацию о том, где можно ознакомиться с проектом решения об исполнении бюджета за отчетный год | E37: =IF(C37=$C$5,1,0) -> 1 | H37: =E37*(1-F37)*(1-G37) -> 1 | I37: https://petrovsk64.ru/novosti/rayon/16836/
A38: 30 | B38: Питерский | C38: Не опубликовано, или публичные слушания не проводились, или не отвечает требованиям | E38: =IF(C38=$C$5,1,0) -> 0 | H38: =E38*(1-F38)*(1-G38) -> 0 | I38: http://piterka.sarmo.ru/novostnaya-lenta/novosti-rayona.php?ELEMENT_ID=3302 | J38: Отсутствует ссылка на проект решения об исполнении бюджета за отчетный год
A39: 31 | B39: Пугачевский | C39: Опубликовано и содержит информацию о том, где можно ознакомиться с проектом решения об исполнении бюджета за отчетный год | E39: =IF(C39=$C$5,1,0) -> 1 | H39: =E39*(1-F39)*(1-G39) -> 1 | I39: http://pugachev-adm.ru/naznachenyi-publichnyie-slushaniya-19.html#more-72583
A40: 32 | B40: Ровенский | C40: Опубликовано и содержит информацию о том, где можно ознакомиться с проектом решения об исполнении бюджета за отчетный год | E40: =IF(C40=$C$5,1,0) -> 1 | H40: =E40*(1-F40)*(1-G40) -> 1 | I40: http://rovnoe.sarmo.ru/novosti/3054/
A41: 33 | B41: Романовский | C41: Опубликовано и содержит информацию о том, где можно ознакомиться с проектом решения об исполнении бюджета за отчетный год | E41: =IF(C41=$C$5,1,0) -> 1 | H41: =E41*(1-F41)*(1-G41) -> 1 | I41: http://romanovka.sarmo.ru/novosti-v-rayone/?ELEMENT_ID=1901
A42: 34 | B42: Ртищевский | C42: Опубликовано и содержит информацию о том, где можно ознакомиться с проектом решения об исполнении бюджета за отчетный год | E42: =IF(C42=$C$5,1,0) -> 1 | H42: =E42*(1-F42)*(1-G42) -> 1 | I42: http://rtishevo.sarmo.ru/novosti/9003/
A43: 35 | B43: Самойловский | C43: Опубликовано и содержит информацию о том, где можно ознакомиться с проектом решения об исполнении бюджета за отчетный год | E43: =IF(C43=$C$5,1,0) -> 1 | H43: =E43*(1-F43)*(1-G43) -> 1 | I43: https://sam64.ru/news/opublikovano-postanovlenie-munitsipalnogo-sobraniya-o-vynesenii-na-publichnye-slushaniya-proekta-resh/
A44: 36 | B44: Саратовский | C44: Не опубликовано, или публичные слушания не проводились, или не отвечает требованиям | E44: =IF(C44=$C$5,1,0) -> 0 | H44: =E44*(1-F44)*(1-G44) -> 0 | I44: https://saratovskiyraion.ru/mestnyy-byudzhet/publichnye-slushaniya/ | J44: Дата информационного сообщения - 30.06.2020, дата публичных слушаний - 06.05.2020. Информационное сообщение рекомендуется размещать в разделе «Новости».
A45: 37 | B45: Советский | C45: Опубликовано и содержит информацию о том, где можно ознакомиться с проектом решения об исполнении бюджета за отчетный год | E45: =IF(C45=$C$5,1,0) -> 1 | H45: =E45*(1-F45)*(1-G45) -> 1 | I45: https://stepnoe-adm.ru/administration/use-budget-funds/novyy-razdel/ | J45: Информационное сообщение рекомендуется размещать в разделе «Новости»
A46: 38 | B46: Татищевский | C46: Не опубликовано, или публичные слушания не проводились, или не отвечает требованиям | E46: =IF(C46=$C$5,1,0) -> 0 | H46: =E46*(1-F46)*(1-G46) -> 0 | I46: http://tatishevo.saratov.gov.ru/index.php?option=com_content&view=article&id=1564:2014-02-27-07-02-43&catid=64&Itemid=91 | J46: На момент опубликования информационного сообщения, проект решения об исполнении бюджета за 2019 год по указанной ссылке не размещен (публичные слушания прошли 18.05.2020, проект размещен - 29.06.2020) Информационное сообщение рекомендуется размещать в разделе «Новости»
A47: 39 | B47: Турковский | C47: Опубликовано и содержит информацию о том, где можно ознакомиться с проектом решения об исполнении бюджета за отчетный год | E47: =IF(C47=$C$5,1,0) -> 1 | H47: =E47*(1-F47)*(1-G47) -> 1 | I47: http://turki.sarmo.ru/otkrytyy-byudzhet/obshchestvennoe-uchastie/publichnye-slushaniya-po-proektu-resheniya-o-byudzhete-2019-god/ | J47: Информационное сообщение рекомендуется размещать в разделе «Новости»
A48: 40 | B48: Федоровский | C48: Опубликовано и содержит информацию о том, где можно ознакомиться с проектом решения об исполнении бюджета за отчетный год | E48: =IF(C48=$C$5,1,0) -> 1 | H48: =E48*(1-F48)*(1-G48) -> 1 | I48: http://fedormr.ru/?ELEMENT_ID=463 | J48: Информационное сообщение рекомендуется размещать в разделе «Новости»
A49: 41 | B49: Хвалынский | C49: Опубликовано и содержит информацию о том, где можно ознакомиться с проектом решения об исполнении бюджета за отчетный год | E49: =IF(C49=$C$5,1,0) -> 1 | H49: =E49*(1-F49)*(1-G49) -> 1 | I49: http://hvalynsk.sarmo.ru/novosti-khvalynskogo-rayona/2247/
A50: 42 | B50: Энгельсский | C50: Опубликовано и содержит информацию о том, где можно ознакомиться с проектом решения об исполнении бюджета за отчетный год | E50: =IF(C50=$C$5,1,0) -> 1 | H50: =E50*(1-F50)*(1-G50) -> 1 | I50: http://www.engels-city.ru/news-line/63323-publichnye-slushaniya-po-proektu-godovogo-otcheta-ob-ispolnenii-byudzheta-engelsskogo-munitsipalnogo-rajona-za-2019-god-naznacheny-na-10-aprelya

Sheet Показатель 4.2
A1: 4.2. Проведение публичных слушаний по годовому отчету об исполнении бюджета муниципального образования за отчетный финансовый год
A2: Комментарий:
A3: ='Методика II этап'!B27 -> В целях оценки показателя учитывается официальный документ (решение/протокол), принятый по итогам публичных слушаний или общественного обсуждения и подписанный уполномоченным должностным лицом. Указанный документ должен быть опубликован не позднее 10 рабочих дней после проведения публичных слушаний и сохраняться не менее трех лет. При нарушении указанного срока применяется понижающий коэффициент за несоблюдение сроков обеспечения доступа к бюджетным данным. В случае, если в установленный срок документ не размещен, оценка показателя принимает значение 0 баллов.
A4: № п/п | B4: Вопрос | C4: ='Методика II этап'!B26 -> Проведение публичных слушаний по годовому отчету об исполнении бюджета муниципального образования за отчетный финансовый год и опубликование в составе материалов к проекту решения об исполнении бюджета муниципального образования за отчетный финансовый год итогового документа (решения/протокола), принятого по результатам публичных слушаний, на портале (сайте) | D4: Формат | E4: Доступность (указать, если возникли трудности с поиском документа, если переход осуществляется более, чем за 5 «кликов» с основной страницы портала (сайта), если название раздела не соответствует содержанию) | F4: Оценка показателя 4.2 | K4: Ссылка на источник данных | L4: Комментарии
B5: Варианты ответов | C5: ='Методика II этап'!B28 -> Публичные слушания проводились, и в составе материалов к проекту решения об исполнении бюджета муниципального образования за отчетный финансовый год опубликован итоговый документ (решение/протокол), принятый по результатам публичных слушаний | D5: Word, Excel, PDF | F5: баллы | G5: понижающие коэффициенты | J5: Итого
C6: ='Методика II этап'!B29 -> Публичные слушания не проводились, или не опубликован итоговый документ (решение/протокол), принятый по результатам публичных слушаний | G6: графический формат | H6: затруднен-ный поиск | I6: несоблюде-ние сроков
B7: Городские округа
A8: 1 | B8: г. Саратов | C8: Публичные слушания проводились, и в составе материалов к проекту решения об исполнении бюджета муниципального образования за отчетный финансовый год опубликован итоговый документ (решение/протокол), принятый по результатам публичных слушаний | D8: PDF | F8: =IF(C8=$C$5,1,0) -> 1 | J8: =F8*(1-G8)*(1-H8)*(1-I8) -> 1 | K8: http://www.saratovmer.ru/budget/rubrics/5/1304.html
A9: 2 | B9: п. Михайловское | C9: Публичные слушания не проводились, или не опубликован итоговый документ (решение/протокол), принятый по результатам публичных слушаний | D9: JPG | E9: Опубликован не в составе материалов к проекту решения об исполнении бюджета муниципального образования за отчетный финансовый год | F9: =IF(C9=$C$5,1,0) -> 0 | J9: =F9*(1-G9)*(1-H9)*(1-I9) -> 0 | K9: http://www.mihailovski.ru/administratsiya/finansy/publichnye-slushaniya/protokol-publichnykh-slushaniy-po-obsuzhdeniyu-pro4259/
A10: 3 | B10: ЗАТО Светлый | C10: Публичные слушания не проводились, или не опубликован итоговый документ (решение/протокол), принятый по результатам публичных слушаний | F10: =IF(C10=$C$5,1,0) -> 0 | J10: =F10*(1-G10)*(1-H10)*(1-I10) -> 0
A11: 4 | B11: г. Шиханы | C11: Публичные слушания не проводились, или не опубликован итоговый документ (решение/протокол), принятый по результатам публичных слушаний | F11: =IF(C11=$C$5,1,0) -> 0 | J11: =F11*(1-G11)*(1-H11)*(1-I11) -> 0
B12: Муниципальные районы
A13: 5 | B13: Александрово-Гайский | C13: Публичные слушания не проводились, или не опубликован итоговый документ (решение/протокол), принятый по результатам публичных слушаний | D13: Word | F13: =IF(C13=$C$5,1,0) -> 0 | J13: =F13*(1-G13)*(1-H13)*(1-I13) -> 0 | K13: http://algay.sarmo.ru/?ELEMENT_ID=5596 | L13: В документе отсутствует подпись должностного лица. Не соблюден формат размещения официального документа.
A14: 6 | B14: Аркадакский | C14: Публичные слушания не проводились, или не опубликован итоговый документ (решение/протокол), принятый по результатам публичных слушаний | F14: =IF(C14=$C$5,1,0) -> 0 | J14: =F14*(1-G14)*(1-H14)*(1-I14) -> 0 | K14: http://arkadak.sarmo.ru/byudzhet-munitsipalnogo-rayona/otchetnost-ob-ispolnenii-byudzheta-munitsipalnogo-rayona.php | L14: Документ не открывается, при нажатии на него происходит переход на карту сайта.
A15: 7 | B15: Аткарский | C15: Публичные слушания не проводились, или не опубликован итоговый документ (решение/протокол), принятый по результатам публичных слушаний | D15: JPG | E15: Опубликован не в составе материалов к проекту решения об исполнении бюджета муниципального образования за отчетный финансовый год | F15: =IF(C15=$C$5,1,0) -> 0 | J15: =F15*(1-G15)*(1-H15)*(1-I15) -> 0 | K15: https://moyaokruga.ru/cityatkarsk/CityArticles.aspx?articleid=11836
A16: 8 | B16: Базарно-Карабулакский | C16: Публичные слушания проводились, и в составе материалов к проекту решения об исполнении бюджета муниципального образования за отчетный финансовый год опубликован итоговый документ (решение/протокол), принятый по результатам публичных слушаний | D16: PDF | F16: =IF(C16=$C$5,1,0) -> 1 | J16: =F16*(1-G16)*(1-H16)*(1-I16) -> 1 | K16: https://admbk.ru/administration/finansovoe-upravlenie/po-proektu-resheniya-sobraniya-bazarno-karabulakskogo-munitsipalnogo-rayona-ob-utverzhdenii-godovogo/
A17: 9 | B17: Балаковский | C17: Публичные слушания проводились, и в составе материалов к проекту решения об исполнении бюджета муниципального образования за отчетный финансовый год опубликован итоговый документ (решение/протокол), принятый по результатам публичных слушаний | D17: PDF | F17: =IF(C17=$C$5,1,0) -> 1 | J17: =F17*(1-G17)*(1-H17)*(1-I17) -> 1 | K17: http://balkomfin.ru/
A18: 10 | B18: Балашовский | C18: Публичные слушания проводились, и в составе материалов к проекту решения об исполнении бюджета муниципального образования за отчетный финансовый год опубликован итоговый документ (решение/протокол), принятый по результатам публичных слушаний | D18: PDF | F18: =IF(C18=$C$5,1,0) -> 1 | J18: =F18*(1-G18)*(1-H18)*(1-I18) -> 1 | K18: http://baladmin.ru/byudzhet-na-2019-god-i-planovyy-period-2019-i-2020-godov.php?clear_cache=Y
A19: 11 | B19: Балтайский | C19: Публичные слушания не проводились, или не опубликован итоговый документ (решение/протокол), принятый по результатам публичных слушаний | F19: =IF(C19=$C$5,1,0) -> 0 | J19: =F19*(1-G19)*(1-H19)*(1-I19) -> 0 | K19: http://adm-baltay.ru/finansovoe-upravlenie/rasporyazheniya-ob-utverzhdenii-otchetov-ob-ispolnenii-mestnogo-byudzheta/ | L19: По указанной ссылке размещено решение о проведении публичных слушаний №471 от 22.06.2020. Протокол, принятый по итогом публичных слушаний, не найден.
A20: 12 | B20: Вольский | C20: Публичные слушания не проводились, или не опубликован итоговый документ (решение/протокол), принятый по результатам публичных слушаний | D20: PDF | E20: Опубликован не в составе материалов к проекту решения об исполнении бюджета муниципального образования за отчетный финансовый год | F20: =IF(C20=$C$5,1,0) -> 0 | J20: =F20*(1-G20)*(1-H20)*(1-I20) -> 0 | K20: http://вольск.рф/administratsiya/struktura-administratsii/byudzhet-dlya-grazhdan.php
A21: 13 | B21: Воскресенский | C21: Публичные слушания не проводились, или не опубликован итоговый документ (решение/протокол), принятый по результатам публичных слушаний | D21: PDF | E21: Опубликован не в составе материалов к проекту решения об исполнении бюджета муниципального образования за отчетный финансовый год | F21: =IF(C21=$C$5,1,0) -> 0 | J21: =F21*(1-G21)*(1-H21)*(1-I21) -> 0 | K21: http://voskresensk64.ru/administration/statistics/obshchestvennoe-uchastie-/
A22: 14 | B22: Дергачевский | C22: Публичные слушания не проводились, или не опубликован итоговый документ (решение/протокол), принятый по результатам публичных слушаний | D22: PDF | E22: Опубликован не в составе материалов к проекту решения об исполнении бюджета муниципального образования за отчетный финансовый год | F22: =IF(C22=$C$5,1,0) -> 0 | J22: =F22*(1-G22)*(1-H22)*(1-I22) -> 0 | K22: http://dergachi.sarmo.ru/publichnye-slushaniya.php
A23: 15 | B23: Духовницкий | C23: Публичные слушания не проводились, или не опубликован итоговый документ (решение/протокол), принятый по результатам публичных слушаний | D23: Web | E23: Опубликован не в составе материалов к проекту решения об исполнении бюджета муниципального образования за отчетный финансовый год | F23: =IF(C23=$C$5,1,0) -> 0 | J23: =F23*(1-G23)*(1-H23)*(1-I23) -> 0 | K23: http://duhovnitskoe.sarmo.ru/publichnye-slushaniya/?ELEMENT_ID=5842 | L23: В документе отсутствует подпись должностного лица. Не соблюден формат размещения официального документа.
A24: 16 | B24: Екатериновский | C24: Публичные слушания не проводились, или не опубликован итоговый документ (решение/протокол), принятый по результатам публичных слушаний | D24: Word | F24: =IF(C24=$C$5,1,0) -> 0 | J24: =F24*(1-G24)*(1-H24)*(1-I24) -> 0 | K24: http://ekaterinovka.sarmo.ru/rayonnoe-sobranie/publichnye-slushaniya.php | L24: В документе отсутствует подпись должностного лица. Не соблюден формат размещения официального документа.
A25: 17 | B25: Ершовский | C25: Публичные слушания не проводились, или не опубликован итоговый документ (решение/протокол), принятый по результатам публичных слушаний | D25: PDF | E25: Опубликован не в составе материалов к проекту решения об исполнении бюджета муниципального образования за отчетный финансовый год | F25: =IF(C25=$C$5,1,0) -> 0 | J25: =F25*(1-G25)*(1-H25)*(1-I25) -> 0 | K25: https://adminemr.ru/byudzhet-i-finansy/obshchestvennoe-uchastie/ | L25: Ссылка дана на документ. Необходимо предоставлять ссылку на страницу портала, с которой можно перейти на документ. В наименовании файла «Заключение о результатах публичных слушаний» не указано, по итогам каких именно публичных слушаний составлено заключение Дата создания документа 29.12.2036 года.
A26: 18 | B26: Ивантеевский | C26: Публичные слушания проводились, и в составе материалов к проекту решения об исполнении бюджета муниципального образования за отчетный финансовый год опубликован итоговый документ (решение/протокол), принятый по результатам публичных слушаний | D26: PDF | F26: =IF(C26=$C$5,1,0) -> 1 | J26: =F26*(1-G26)*(1-H26)*(1-I26) -> 1 | K26: http://ivanteevka.sarmo.ru/byudzhet-dlya-grazhdan/proekt-byudzheta-dlya-grazhdan/proekt-resheniya-ob-ispolnenii-byudzheta-za-2019-god/
A27: 19 | B27: Калининский | C27: Публичные слушания не проводились, или не опубликован итоговый документ (решение/протокол), принятый по результатам публичных слушаний | F27: =IF(C27=$C$5,1,0) -> 0 | J27: =F27*(1-G27)*(1-H27)*(1-I27) -> 0 | K27: http://kalininsk.sarmo.ru/predstavitelnyy-organ-munitsipalnogo-rayona/proekty-informatsiya/ | L27: По указанной ссылке протокол, принятый по итогом публичных слушаний, не найден
A28: 20 | B28: Красноармейский | C28: Публичные слушания не проводились, или не опубликован итоговый документ (решение/протокол), принятый по результатам публичных слушаний | F28: =IF(C28=$C$5,1,0) -> 0 | J28: =F28*(1-G28)*(1-H28)*(1-I28) -> 0 | K28: https://krasnoarmeysk64.ru/krasnoarmeyskiy-rayon/byudzhet/reshenie-ob-ispolnenii-byudzheta-krasnoarmeyskogo-munitsipalnogo-rayona/2019.php?clear_cache=Y | L28: По предоставленной ссылке открывается сайт с надписью «Домен заблокирован». Протокол, принятый по итогом публичных слушаний, на сайте не найден.
A29: 21 | B29: Краснокутский | C29: Публичные слушания проводились, и в составе материалов к проекту решения об исполнении бюджета муниципального образования за отчетный финансовый год опубликован итоговый документ (решение/протокол), принятый по результатам публичных слушаний | D29: PDF | F29: =IF(C29=$C$5,1,0) -> 1 | J29: =F29*(1-G29)*(1-H29)*(1-I29) -> 1 | K29: http://krasny-kut.ru/krasnokutskij_rajon/finansy/novosti/
A30: 22 | B30: Краснопартизанский | C30: Публичные слушания проводились, и в составе материалов к проекту решения об исполнении бюджета муниципального образования за отчетный финансовый год опубликован итоговый документ (решение/протокол), принятый по результатам публичных слушаний | D30: PDF | F30: =IF(C30=$C$5,1,0) -> 1 | J30: =F30*(1-G30)*(1-H30)*(1-I30) -> 1 | K30: https://adminkmr.ru/byudzhet/ispolnenie-byudzheta/ispolnenie-byudzheta-za-2019-god/
A31: 23 | B31: Лысогорский | C31: Публичные слушания проводились, и в составе материалов к проекту решения об исполнении бюджета муниципального образования за отчетный финансовый год опубликован итоговый документ (решение/протокол), принятый по результатам публичных слушаний | D31: JPG | F31: =IF(C31=$C$5,1,0) -> 1 | J31: =F31*(1-G31)*(1-H31)*(1-I31) -> 1 | K31: http://adm.lysyegory.ru/base/7327-protokol-publichnyh-slushanii-lysogorskogo-municipalnogo-raiona-po-otchetu-ob-ispolnenii-byudzh.html
A32: 24 | B32: Марксовский | C32: Публичные слушания проводились, и в составе материалов к проекту решения об исполнении бюджета муниципального образования за отчетный финансовый год опубликован итоговый документ (решение/протокол), принятый по результатам публичных слушаний | D32: PDF | F32: =IF(C32=$C$5,1,0) -> 1 | J32: =F32*(1-G32)*(1-H32)*(1-I32) -> 1 | K32: https://marksadm.ru/ps-sl.html
A33: 25 | B33: Новобурасский | C33: Публичные слушания проводились, и в составе материалов к проекту решения об исполнении бюджета муниципального образования за отчетный финансовый год опубликован итоговый документ (решение/протокол), принятый по результатам публичных слушаний | D33: PDF | F33: =IF(C33=$C$5,1,0) -> 1 | J33: =F33*(1-G33)*(1-H33)*(1-I33) -> 1 | K33: http://www.nbfin.ru/byudzhet_dlya_grazhdan/na_tekuwij_god/proekt_resheniya_ob_ispolnenii_byudzheta/za_2019_god/
A34: 26 | B34: Новоузенский | C34: Публичные слушания не проводились, или не опубликован итоговый документ (решение/протокол), принятый по результатам публичных слушаний | D34: Word | F34: =IF(C34=$C$5,1,0) -> 0 | J34: =F34*(1-G34)*(1-H34)*(1-I34) -> 0 | K34: http://novouzensk.ru/city/budget.php
A35: 27 | B35: Озинский | C35: Публичные слушания проводились, и в составе материалов к проекту решения об исполнении бюджета муниципального образования за отчетный финансовый год опубликован итоговый документ (решение/протокол), принятый по результатам публичных слушаний | D35: JPG | E35: Раздел не структурирован | F35: =IF(C35=$C$5,1,0) -> 1 | I35: 0.5 | J35: =F35*(1-G35)*(1-H35)*(1-I35) -> 0.5 | K35: http://ozinki.sarmo.ru/byudzhet/ispolnenie-byudzheta.php?ELEMENT_ID=4797 | L35: Дата документа -10.07.2020 года, дата последнего изменения - 02.01.1985.
A36: 28 | B36: Перелюбский | C36: Публичные слушания проводились, и в составе материалов к проекту решения об исполнении бюджета муниципального образования за отчетный финансовый год опубликован итоговый документ (решение/протокол), принятый по результатам публичных слушаний | D36: PDF | F36: =IF(C36=$C$5,1,0) -> 1 | J36: =F36*(1-G36)*(1-H36)*(1-I36) -> 1 | K36: http://adm-perelyb.ru/byudzhet-rayona/
A37: 29 | B37: Петровский | C37: Публичные слушания проводились, и в составе материалов к проекту решения об исполнении бюджета муниципального образования за отчетный финансовый год опубликован итоговый документ (решение/протокол), принятый по результатам публичных слушаний | D37: PDF | F37: =IF(C37=$C$5,1,0) -> 1 | J37: =F37*(1-G37)*(1-H37)*(1-I37) -> 1 | K37: https://petrovsk64.ru/po/rs/dokumenty/resheniya/
A38: 30 | B38: Питерский | C38: Публичные слушания проводились, и в составе материалов к проекту решения об исполнении бюджета муниципального образования за отчетный финансовый год опубликован итоговый документ (решение/протокол), принятый по результатам публичных слушаний | D38: PDF | F38: =IF(C38=$C$5,1,0) -> 1 | I38: 0.5 | J38: =F38*(1-G38)*(1-H38)*(1-I38) -> 0.5 | K38: http://piterka.sarmo.ru/byudzhet-piterskogo-mr/publichnye-slushaniya/ | L38: В целях оценки показателя учитывается официальный документ (решение/протокол), принятый по итогам публичных слушаний или общественного обсуждения и подписанный уполномоченным должностным лицом,опубликованный не позднее 10 рабочих дней после проведения публичных слушаний (дата документа -10.04.2020 года, дата последнего изменения - 14.05.2020).
A39: 31 | B39: Пугачевский | C39: Публичные слушания проводились, и в составе материалов к проекту решения об исполнении бюджета муниципального образования за отчетный финансовый год опубликован итоговый документ (решение/протокол), принятый по результатам публичных слушаний | D39: PDF | F39: =IF(C39=$C$5,1,0) -> 1 | J39: =F39*(1-G39)*(1-H39)*(1-I39) -> 1 | K39: http://pugachev-adm.ru/2019-5
A40: 32 | B40: Ровенский | C40: Публичные слушания проводились, и в составе материалов к проекту решения об исполнении бюджета муниципального образования за отчетный финансовый год опубликован итоговый документ (решение/протокол), принятый по результатам публичных слушаний | D40: PDF | F40: =IF(C40=$C$5,1,0) -> 1 | J40: =F40*(1-G40)*(1-H40)*(1-I40) -> 1 | K40: http://rovnoe.sarmo.ru/2019-god-.php?clear_cache=Y
A41: 33 | B41: Романовский | C41: Публичные слушания проводились, и в составе материалов к проекту решения об исполнении бюджета муниципального образования за отчетный финансовый год опубликован итоговый документ (решение/протокол), принятый по результатам публичных слушаний | D41: PDF | F41: =IF(C41=$C$5,1,0) -> 1 | J41: =F41*(1-G41)*(1-H41)*(1-I41) -> 1 | K41: http://romanovka.sarmo.ru/byudzhet-dlya-grazhdan/byudzhet-romanovskogo-munitsipalnogo-rayona/godovoy-otchet/
A42: 34 | B42: Ртищевский | C42: Публичные слушания проводились, и в составе материалов к проекту решения об исполнении бюджета муниципального образования за отчетный финансовый год опубликован итоговый документ (решение/протокол), принятый по результатам публичных слушаний | D42: PDF | F42: =IF(C42=$C$5,1,0) -> 1 | J42: =F42*(1-G42)*(1-H42)*(1-I42) -> 1 | K42: http://rtishevo.sarmo.ru/finansovyy-organ/rtishchevskiy-munitsipalnyy-rayon/2019-god/informatsiya-ob-ispolnenii-byudzheta-munitsipalnogo-rayona/
A43: 35 | B43: Самойловский | C43: Публичные слушания не проводились, или не опубликован итоговый документ (решение/протокол), принятый по результатам публичных слушаний | D43: Word | F43: =IF(C43=$C$5,1,0) -> 0 | J43: =F43*(1-G43)*(1-H43)*(1-I43) -> 0 | K43: https://sam64.ru/ekonomika-i-byudzhet/byudzhet/publichnye-slushaniya/ | L43: В документе отсутствует подпись должностного лица. Не соблюден формат размещения официального документа.
A44: 36 | B44: Саратовский | C44: Публичные слушания не проводились, или не опубликован итоговый документ (решение/протокол), принятый по результатам публичных слушаний | D44: PDF | E44: Опубликован не в составе материалов к проекту решения об исполнении бюджета муниципального образования за отчетный финансовый год | F44: =IF(C44=$C$5,1,0) -> 0 | J44: =F44*(1-G44)*(1-H44)*(1-I44) -> 0 | K44: https://saratovskiyraion.ru/mestnyy-byudzhet/publichnye-slushaniya/ | L44: В целях оценки показателя учитывается официальный документ (решение/протокол), принятый по итогам публичных слушаний или общественного обсуждения и подписанный уполномоченным должностным лицом,опубликованный не позднее 10 рабочих дней после проведения публичных слушаний (дата документа -06.05.2020 года, дата последнего изменения - 29.06.2020).
A45: 37 | B45: Советский | C45: Публичные слушания не проводились, или не опубликован итоговый документ (решение/протокол), принятый по результатам публичных слушаний | F45: =IF(C45=$C$5,1,0) -> 0 | J45: =F45*(1-G45)*(1-H45)*(1-I45) -> 0 | K45: https://stepnoe-adm.ru/administration/use-budget-funds/novyy-razdel/ | L45: «Заключение публичных слушаний по решению Муниципального Собрания Советского муниципального района Саратовской области от 25.03.2020 № 216 «О проекте решения Муниципального Собрания Советского муниципального района «Об утверждении отчёта об исполнении бюджета Советского муниципального района за 2019 год» не открывается как документ, только пустая страница.
A46: 38 | B46: Татищевский | C46: Публичные слушания проводились, и в составе материалов к проекту решения об исполнении бюджета муниципального образования за отчетный финансовый год опубликован итоговый документ (решение/протокол), принятый по результатам публичных слушаний | D46: JPG | F46: =IF(C46=$C$5,1,0) -> 1 | I46: 0.5 | J46: =F46*(1-G46)*(1-H46)*(1-I46) -> 0.5 | K46: http://tatishevo.saratov.gov.ru/index.php?option=com_content&view=article&id=1564:2014-02-27-07-02-43&catid=64&Itemid=91 | L46: В целях оценки показателя учитывается официальный документ (решение/протокол), принятый по итогам публичных слушаний или общественного обсуждения и подписанный уполномоченным должностным лицом,опубликованный не позднее 10 рабочих дней после проведения публичных слушаний (дата документа -18.05.2020 года, дата последнего изменения - 29.06.2020).
A47: 39 | B47: Турковский | C47: Публичные слушания не проводились, или не опубликован итоговый документ (решение/протокол), принятый по результатам публичных слушаний | D47: PDF | E47: Опубликован не в составе материалов к проекту решения об исполнении бюджета муниципального образования за отчетный финансовый год | F47: =IF(C47=$C$5,1,0) -> 0 | J47: =F47*(1-G47)*(1-H47)*(1-I47) -> 0 | K47: http://turki.sarmo.ru/otkrytyy-byudzhet/obshchestvennoe-uchastie/publichnye-slushaniya-po-proektu-resheniya-o-byudzhete-2019-god/
A48: 40 | B48: Федоровский | C48: Публичные слушания проводились, и в составе материалов к проекту решения об исполнении бюджета муниципального образования за отчетный финансовый год опубликован итоговый документ (решение/протокол), принятый по результатам публичных слушаний | D48: PDF | F48: =IF(C48=$C$5,1,0) -> 1 | J48: =F48*(1-G48)*(1-H48)*(1-I48) -> 1 | K48: http://fedormr.ru/byudzhet/byudzhet-2019.php
A49: 41 | B49: Хвалынский | C49: Публичные слушания проводились, и в составе материалов к проекту решения об исполнении бюджета муниципального образования за отчетный финансовый год опубликован итоговый документ (решение/протокол), принятый по результатам публичных слушаний | D49: PDF | F49: =IF(C49=$C$5,1,0) -> 1 | J49: =F49*(1-G49)*(1-H49)*(1-I49) -> 1 | K49: http://hvalynsk.sarmo.ru/administratsiya-khvalynskogo-munitsipalnogo-rayona/byudzhet/proekt-byudzheta.php
A50: 42 | B50: Энгельсский | C50: Публичные слушания проводились, и в составе материалов к проекту решения об исполнении бюджета муниципального образования за отчетный финансовый год опубликован итоговый документ (решение/протокол), принятый по результатам публичных слушаний | D50: PDF | F50: =IF(C50=$C$5,1,0) -> 1 | J50: =F50*(1-G50)*(1-H50)*(1-I50) -> 1 | K50: http://www.engels-city.ru/publichnye-slushaniya
